 Dungeon Crawl Stone Soup version 0.31-a0-1025-g2e47921a08 (webtiles) character file.

Game seed: 3807349000344835481

18827179 MackTheKnife the Champion of Chaos (level 27, 298/298 HPs)
             Began as a Naga Fighter on Nov 17, 2023.
             Was the Champion of Makhleb.
             Escaped with the Orb
             ... and 15 runes!
             The game lasted 02:51:08 (81853 turns).

MackTheKnife the Champion of Chaos (Naga Fighter)  Turns: 81853, Time: 02:51:08

Health: 298/298    AC: 65    Str: 36    XL:     27
Magic:  40/40      EV: 19    Int: 16    God:    Makhleb [******]
Gold:   14173      SH: 40    Dex: 22    Spells: 26/26 levels left

rFire   + + .        b - +9 broad axe (heavy) {axe}
rCold   + + +        v - +8 tower shield {rC+}
rNeg    + + +        u - +9 scales of the Dragon King {rPois rF+ rC+ Will+}
rPois   ∞            p - +2 helmet of the Enchanted Forest {Str+3 Dex+3 Slay+3}
rElec   +            m - +4 dragonskin cloak
rCorr   .            t - +2 pair of gloves of the Solstice {rN+ Will+ Str+3}
SInv    +            d - +3 barding of the Thistle {Int+3}
Will    +++++        l - amulet of Reyleo {Reflect rElec Str+3 SH+5} Stlth
                     j - ring "Earthly Heaven" {rF+ Str+5 Int+2 Stlth+}
HPRegen 0.69/turn    H - ring of flight
MPRegen 0.27/turn

%: reflection
@: death-form, flying, studying 6 skills, very slow
A: vile attack, torment immunity, no potions, AC +9, large, see invisible,
deformed body, poison resistance, slowness 2, spit poison 2, naga tail 2,
subdued magic 1, MP-powered wands, sturdy frame 1
0: Orb of Zot
}: 15/15 runes: decaying, serpentine, slimy, silver, golden, iron, obsidian,
icy, bone, abyssal, demonic, glowing, magical, fiery, dark
a: Breathe Poison Gas, Siphon Essence, Begin Untransformation, Renounce
Religion, Minor Destruction, Lesser Servant of Makhleb, Major Destruction,
Greater Servant of Makhleb


You escaped.
You worshipped Makhleb.
Makhleb was exalted by your worship.
You were an undying horror.
You visited 18 branches of the dungeon, and saw 88 of its levels.
You visited Pandemonium 4 times, and saw 25 of its levels.
You visited the Abyss 3 times.
You visited 1 bazaar.
You visited 1 ziggurat, and saw 7 of its levels.
You also visited: Trove, Bailey, Ice Cave, Wizlab and Desolation.

You collected 17982 gold pieces.
You spent 3809 gold pieces at shops.


Innate Abilities, Weirdness & Mutations

You are an undying horror.
Your melee and unarmed attacks drain, slow and weaken victims.
You are immune to unholy pain and torment.
You cannot drink.
Your serpentine skin is tough. (AC +9)
You have supernaturally acute eyesight. (SInv)
Armour fits poorly on your strangely shaped body.
Your system is resistant to poisons. (rPois)
You cover ground very slowly.
You can exhale a cloud of poison.
You can use your snake-like lower body to constrict enemies.
Your spells are a little easier to cast, but a little less powerful.
You expend magic power (3 MP) to strengthen your wands.
Your movements are slightly less encumbered by armour. (ER -2)


   Skills:
 O Level 27 Fighting
 O Level 27 Axes
 O Level 27 Armour
 + Level 22.9 Dodging
 - Level 4.2 Stealth
 O Level 27 Shields
 O Level 27 Invocations
 - Level 6.0 Evocations
 - Level 23.0 Shapeshifting


You had 26 spell levels left.
You didn't know any spells.
Your spell library contained the following spells:

 Spells                   Type           Power      Damage    Failure   Level
 Apportation              Tloc           0%         N/A       58%         1
 Foxfire                  Conj/Fire      0%         2x1d4     58%         1
 Freeze                   Ice            0%         1d3       58%         1
 Kiss of Death            Conj/Necr      0%         2d5       58%         1
 Magic Dart               Conj           0%         1d3       58%         1
 Necrotise                Necr           0%         1d4       58%         1
 Sandblast                Erth           0%         2d4       58%         1
 Shock                    Conj/Air       0%         1d3       58%         1
 Slow                     Hex            0%         N/A       58%         1
 Sting                    Tmut/Pois      0%         1d3       58%         1
 Summon Small Mammal      Summ           0%         N/A       58%         1
 Blink                    Tloc           0%         N/A       73%         2
 Call Imp                 Summ           0%         N/A       73%         2
 Cigotuvi's Dreadful Rot  Necr/Pois/Air  0%         N/A       73%         2
 Ensorcelled Hibernation  Hex/Ice        0%         N/A       73%         2
 Jinxbite                 Hex            0%         N/A       73%         2
 Lesser Beckoning         Tloc           0%         N/A       73%         2
 Momentum Strike          Conj/Tloc      0%         3d8       73%         2
 Passwall                 Tmut/Erth      0%         N/A       73%         2
 Poisonous Vapours        Pois/Air       0%         N/A       73%         2
 Scorch                   Fire           0%         2d5       73%         2
 Static Discharge         Conj/Air       0%         3-3/arc   73%         2
 Sublimation of Blood     Necr           0%         N/A       73%         2
 Wereblood                Tmut           0%         N/A       73%         2
 Call Canine Familiar     Summ           0%         N/A       92%         3
 Confusing Touch          Hex            0%         N/A       92%         3
 Dazzling Flash           Conj/Hex       0%         N/A       92%         3
 Frozen Ramparts          Ice            0%         1d1       92%         3
 Gell's Gravitas          Tloc           0%         N/A       92%         3
 Hailstorm                Conj/Ice       0%         3d3       92%         3
 Ignite Poison            Fire/Tmut/Pois 0%         N/A       92%         3
 Inner Flame              Hex/Fire       0%         N/A       92%         3
 Mephitic Cloud           Conj/Pois/Air  0%         N/A       92%         3
 Ozocubu's Armour         Ice            0%         N/A       92%         3
 Sigil of Binding         Hex            0%         N/A       92%         3
 Summon Guardian Golem    Hex/Summ       0%         N/A       92%         3
 Swiftness                Air            0%         N/A       92%         3
 Teleport Other           Tloc           0%         N/A       92%         3
 Tukima's Dance           Hex            0%         N/A       92%         3
 Vampiric Draining        Necr           0%         2d6       92%         3
 Volatile Blastmotes      Fire/Tloc      0%         2d10      92%         3
 Airstrike                Air            0%         2d(0-16)  100%        4
 Anguish                  Hex/Necr       0%         N/A       100%        4
 Animate Dead             Necr           0%         N/A       100%        4
 Brom's Barrelling Bould  Conj/Erth      0%         2d3       100%        4
 Cause Fear               Hex            0%         N/A       100%        4
 Dimensional Bullseye     Hex/Tloc       0%         N/A       100%        4
 Dispel Undead            Necr           0%         3d6       100%        4
 Flame Wave               Conj/Fire      0%         2d4       100%        4
 Fulminant Prism          Conj/Hex       0%         3d5       100%        4
 Iskenderun's Mystic Bla  Conj/Tloc      0%         2d3       100%        4
 Leda's Liquefaction      Hex/Erth       0%         N/A       100%        4
 Manifold Assault         Tloc           0%         N/A       100%        4
 Olgreb's Toxic Radiance  Pois           0%         N/A       100%        4
 Passage of Golubria      Tloc           0%         N/A       100%        4
 Petrify                  Tmut/Erth      0%         N/A       100%        4
 Sticky Flame             Conj/Fire      0%         2d3       100%        4
 Summon Ice Beast         Ice/Summ       0%         N/A       100%        4
 Summon Lightning Spire   Summ/Air       0%         N/A       100%        4
 Vhi's Electric Charge    Tloc/Air       0%         N/A       100%        4
 Agony                    Necr           0%         N/A       100%        5
 Alistair's Intoxication  Tmut/Pois      0%         N/A       100%        5
 Arcjolt                  Conj/Air       0%         1d10      100%        5
 Borgnjor's Vile Clutch   Necr/Erth      0%         N/A       100%        5
 Fireball                 Conj/Fire      0%         3d3       100%        5
 Freezing Cloud           Conj/Ice/Air   0%         6-21      100%        5
 Irradiate                Conj/Tmut      0%         3d11      100%        5
 Iskenderun's Battlesphe  Conj           0%         2d6       100%        5
 Lee's Rapid Deconstruct  Erth           0%         3d4*      100%        5
 Metabolic Englaciation   Hex/Ice        0%         N/A       100%        5
 Silence                  Hex/Air        0%         N/A       100%        5
 Summon Forest            Summ/Tloc      0%         N/A       100%        5
 Summon Mana Viper        Hex/Summ       0%         N/A       100%        5
 Yara's Violent Unravell  Hex/Tmut       0%         3d3       100%        5
 Bombard                  Conj/Erth      0%         9d1       100%        6
 Conjure Ball Lightning   Conj/Air       0%         3x3d6     100%        6
 Death Channel            Necr           0%         N/A       100%        6
 Dispersal                Tloc           0%         N/A       100%        6
 Eringya's Noxious Bog    Tmut/Pois      0%         4d6       100%        6
 Plasma Beam              Fire/Air       0%         2x1d10    100%        6
 Simulacrum               Ice/Necr       0%         N/A       100%        6
 Starburst                Conj/Fire      0%         6d3       100%        6
 Summon Cactus Giant      Summ           0%         N/A       100%        6
 Enfeeble                 Hex            0%         N/A       100%        7
 Haunt                    Necr/Summ      0%         N/A       100%        7
 Malign Gateway           Summ/Tloc      0%         N/A       100%        7
 Monstrous Menagerie      Summ           0%         N/A       100%        7
 Orb of Destruction       Conj           0%         9d5       100%        7
 Discord                  Hex            0%         N/A       100%        8
 Disjunction              Tloc           0%         N/A       100%        8
 Ignition                 Fire           0%         3d3       100%        8
 Infestation              Necr           0%         N/A       100%        8
 Maxwell's Capacitive Co  Air            0%         ∞         100%        8
 Summon Horrible Things   Summ           0%         N/A       100%        8
 Dragon's Call            Summ           0%         N/A       100%        9
 Fire Storm               Conj/Fire      0%         5d1       100%        9
 Shatter                  Erth           0%         3d5*      100%        9

Inventory:

Hand Weapons
 a - a +9 vampiric broad axe {axe}
   (You took it off an orc warrior in a bailey)
 b - a +9 heavy broad axe (weapon) {axe}
   (You acquired it on level 1 of the Depths)
 S - a +6 broad axe of flaming {axe}
   (You found it on level 3 of the Tomb of the Ancients)
Missiles
 g - 20 silver javelins {throwing}
Armour
 d - the +3 barding of the Thistle (worn) {Int+3}
   (You acquired it in a bailey)

   Int+3:     It affects your intelligence (+3).
 k - a +8 tower shield
   (You took it off a naga warrior on level 1 of the Snake Pit)
 m - the +4 dragonskin cloak (worn)
   (You took it off Tiamat on level 5 of the Realm of Zot)

   Avatar's Aegis: It grants the wearer a chance to resist fire, cold, poison,
   electricity, acid, and negative energy.
 n - a scarf of resistance
   (You found it on level 5 of the Lair of Beasts)
 p - the +2 helmet of the Enchanted Forest (worn) {Str+3 Dex+3 Slay+3}
   (You found it on level 2 of the Depths)

   Str+3:     It affects your strength (+3).
   Dex+3:     It affects your dexterity (+3).
   Slay+3:    It affects your accuracy & damage with ranged weapons and melee
   (+3).
 t - the +2 pair of gloves of the Solstice (worn) {rN+ Will+ Str+3}
   (You found it on level 1 of the Realm of Zot)

   Str+3:     It affects your strength (+3).
   rN+:       It protects you from negative energy.
   Will+:     It increases your willpower.
 u - the +9 scales of the Dragon King (worn) {rPois rF+ rC+ Will+}
   (You bought it in a shop on level 2 of the Orcish Mines)

   rF+:       It protects you from fire.
   rC+:       It protects you from cold.
   rPois:     It protects you from poison Will+: It increases your willpower.
 v - a +8 tower shield of cold resistance (worn)
   (You took it off a demonspawn warmonger in Pandemonium)
 C - the orb of Dispater {+Damnation *Corrode AC+5}
   (You took it off Dispater on level 7 of the Iron City of Dis)

   +Damnation: It grants the ability to hurl damnation at the cost of health and
   magic, with strength depending on Evocations skill.
   AC+5:      It affects your AC (+5).
   *Corrode:  It may corrode you when you take damage.
 O - the -2 hat of the Alchemist {rElec rPois rF+ rC+ rN+ Will+ rMut rCorr}
   (You found it on level 3 of the Tomb of the Ancients)

   rF+:       It protects you from fire.
   rC+:       It protects you from cold.
   rElec:     It insulates you from electricity.
   rPois:     It protects you from poison rN+: It protects you from negative
   energy.
   Will+:     It increases your willpower.
   rCorr:     It protects you from acid and corrosion.
   rMut:      It protects you from mutation.
Jewellery
 c - the amulet of Joezi {rPois rF+ Regen+}
   (You found it on level 7 of Gehenna)

   [amulet of regeneration]

   rF+:       It protects you from fire.
   rPois:     It protects you from poison Regen+: It increases your rate of
   health regeneration.
 j - the ring "Earthly Heaven" (left hand) {rF+ Str+5 Int+2 Stlth+}
   (You found it in the Desolation of Salt)

   [ring of protection from fire]

   Str+5:     It affects your strength (+5).
   Int+2:     It affects your intelligence (+2).
   rF+:       It protects you from fire.
   Stlth+:    It makes you more stealthy.
 l - the amulet of Reyleo (around neck) {Reflect rElec Str+3 SH+5}
   (You found it in Pandemonium)

   [amulet of reflection]

   Reflect:   It reflects blocked missile attacks.
   Str+3:     It affects your strength (+3).
   rElec:     It insulates you from electricity.
   SH+5:      It affects your SH (+5).
 F - the ring of Qiuguec {rN+ Slay+5}
   (You found it in the Desolation of Salt)

   [ring of positive energy]

   Slay+5:    It affects your accuracy & damage with ranged weapons and melee
   (+5).
   rN+:       It protects you from negative energy.
 H - a ring of flight (right hand)
   (You found it on level 2 of the Crypt)
 N - the ring "Hecaruip" {rCorr Str+6}
   (You found it in the Desolation of Salt)

   [ring of strength]

   Str+6:     It affects your strength (+6).
   rCorr:     It protects you from acid and corrosion.
 X - the ring "Ciola" {rPois rC+ rN+ Str+2 Stlth+}
   (You found it on level 7 of Gehenna)

   [ring of positive energy]

   Str+2:     It affects your strength (+2).
   rC+:       It protects you from cold.
   rPois:     It protects you from poison rN+: It protects you from negative
   energy.
   Stlth+:    It makes you more stealthy.
 Z - the ring "Newooc" {*Slow rElec Str+6 Int-5 Dex+4}
   (You found it in the Desolation of Salt)

   [ring of strength]

   Str+6:     It affects your strength (+6).
   Int-5:     It affects your intelligence (-5).
   Dex+4:     It affects your dexterity (+4).
   rElec:     It insulates you from electricity.
   *Slow:     It may slow you when you take damage.
Talismans
 y - a talisman of death (active)
   (You found it on level 3 of the Elven Halls)
Wands
 z - a wand of digging (5)
   (You found it on level 2 of the Abyss)
 M - a wand of light (72)
   (You found it on level 2 of the Lair of Beasts)
Scrolls
 e - 6 scrolls of blinking {!r}
 q - a scroll of revelation
 x - 3 scrolls of fog
 A - 5 scrolls of vulnerability {!r!r}
 B - 4 scrolls of summoning
 E - 17 scrolls of teleportation {@r4}
 G - 10 scrolls of fear
 L - 8 scrolls of poison
 Q - a scroll of immolation {!r!r}
 T - 4 scrolls of silence {!r}
Potions
 f - 27 potions of curing {@q1}
 h - 7 potions of haste {@q3}
 r - 6 potions of resistance
 s - 2 potions of might
 w - a potion of invisibility
 I - 10 potions of magic
 K - 3 potions of ambrosia
 P - 4 potions of cancellation
 R - 7 potions of heal wounds {@q2}
 Y - 3 potions of mutation {!q}
Miscellaneous
 i - a condenser vane
   (You found it on level 5 of the Vaults)
 o - a box of beasts
   (You found it in the Desolation of Salt)
 D - the horn of Geryon
   (You took it off Geryon in the Vestibule of Hell)
 J - a figurine of a ziggurat
 U - a phantom mirror
   (You found it on level 5 of the Vaults)
 V - a phial of floods
   (You found it in the Desolation of Salt)
 W - a lightning rod (4/4)
   (You found it on level 5 of the Vaults)

Dungeon Overview and Level Annotations

Branches:
Dungeon (15/15)            Temple (1/1) D:4            Lair (5/5) D:8
  Swamp (4/4) Lair:3        Snake (4/4) Lair:3        Slime (5/5) Lair:4
    Orc (2/2) D:9             Elf (3/3) Orc:2        Vaults (5/5) D:13
  Crypt (3/3) Vaults:2       Tomb (3/3) Crypt:3      Depths (4/4) D:15
   Hell (visited)             Dis (7/7) Hell            Geh (7/7) Hell
    Coc (7/7) Hell            Tar (7/7) Hell            Zot (5/5) Depths:4
 Bailey (visited)           IceCv (visited)          WizLab (visited)
Desolation (visited)

Altars:
Ashenzari
Cheibriados
Dithmenos
Elyvilon
Fedhas
Gozag
Hepliaklqana
Kikubaaqudgha
Makhleb
Nemelex Xobeh
Okawaru
Qazlal
Ru
Sif Muna
Trog
Uskayaw
Vehumet
Wu Jian
Xom
Yredelemnul
Zin
The Shining One
Jiyva

Shops:
D:10 (   D:11 (   D:13 =   D:15 [   Orc:1 :   Orc:2 !:[?   Snake:2 =::
Vaults:2 [   Vaults:3 *

Portals:
Hell: Depths:1 Depths:2 Depths:3 Depths:4
Abyss: Depths:3
Pandemonium: Depths:1 Depths:2 Depths:3

Annotations:
Lair:3 1 runed translucent door, Butsoxze's ghost, journeyman DjGl
Snake:2 Vuarud's ghost, journeyman FeSu
Zot:3 exclusions: draconian scorcher and draconian stormcaller

.......'.# ####.### ### #........
.......### ###.#∩#######.#.#####
.......# ###.#####....#.#
.......# ####.###..#####.#
.##'##.# #.##~~..#### #.#
.##.##.#######..~~##.#.# #.#####
.##.##....##..###.####.####.#....
.##.#####...#####.####.......##.#
###.# ########z#.###.####..#...
..#.# ### ###.###.......#..#
#.#.# ### ##.###.........# #.#.#
### #.####.###.#..# #.#.# ##
#...#..# #.##.# #.#.# ###...##
#.##.. #.#.# ##### #.#### #.#.#
#..... #.#.###################
#.####


There were no monsters in sight!


Message History

😕 HP[+1]
You slice the balrug!!
The balrug decays.
You constrict the balrug. The balrug gestures at you.
Something smites you! 😕 HP[-7]
You take 7 damage, and now have 277/298 hp.
You cut the balrug into ribbons!!!
You kill the balrug!
Makhleb accepts your kill.
You feel better. 😕 HP[+13]
You regained 13 hp, and now have 290/298 hp.
You see here a +0 demon whip of freezing {mace}. 😕 HP[+1]
What level of the Dungeon? (default 1, ? - help)
There is a stone staircase leading up here.
You fly upwards.
There is a stone staircase leading down here. 😎 HP[+7]
Your hp is fully restored (298).
A reaper comes into view. It is wielding a +1 vampiric scythe.
Unknown command. 4 hell hogs come into view.
The hell hog squeals angrily. x2
The hell hog breathes fire at you.
The fireball explodes!
The fireball engulfs you but does no damage.
The hell hog breathes fire at you.
The fireball explodes!
The fireball engulfs you but does no damage.
The hell hog breathes fire at you.
The fireball explodes!
The fireball engulfs you but does no damage.
The fireball engulfs the hell hog.
The hell hog completely resists.
You barely miss the hell hog. You grab the hell hog.
You carve the hell hog like the proverbial ham!!!
The hell hog decays.
You constrict the hell hog! The hell hog breathes fire at you.
The fireball explodes!
The fireball engulfs the hell hog.
The hell hog completely resists.
The fireball engulfs the hell hog.
The hell hog completely resists.
The fireball engulfs the hell hog.
The hell hog completely resists.
The fireball engulfs you. You resist. You block the hell hog's attack.
The hell hog breathes fire at you.
The fireball explodes!
The fireball engulfs the hell hog.
The hell hog completely resists.
The fireball engulfs the hell hog.
The hell hog completely resists.
The fireball engulfs the hell hog.
The hell hog completely resists.
The fireball engulfs you but does no damage.
You block the hell hog's attack. x2
You barely miss the hell hog. You slash the hell hog!
The hell hog decays.
You carve the hell hog like the proverbial ham!!!
The hell hog decays.
You constrict the hell hog. You block the hell hog's attack. x3
You slice the hell hog!!
You kill the hell hog!
Makhleb accepts your kill.
You hit the hell hog.
The hell hog decays.
You barely miss the hell hog. You constrict the hell hog!!
You block the hell hog's attack. You block the reaper's attack.
You block the hell hog's attack. x2
You carve the hell hog like the proverbial ham!!!
You kill the hell hog!
Makhleb accepts your kill.
You carve the hell hog like the proverbial ham!!!
You kill the hell hog!
Makhleb accepts your kill.
You carve the hell hog like the proverbial ham!!!
The hell hog decays.
You block the reaper's attack. You block the hell hog's attack.
You completely miss the hell hog. You grab the hell hog.
You constrict the hell hog. You block the reaper's attack.
You block the hell hog's attack.
You carve the hell hog like the proverbial ham!!!
You kill the hell hog!
Makhleb accepts your kill. You block the reaper's attack.
You block the reaper's attack. x2
You slice the reaper!!
The reaper decays.
You grab the reaper. You constrict the reaper!
You carve the reaper like a ham!!!
You kill the reaper!
Makhleb accepts your kill.
No target in view!
No target in view!
A red devil comes into view. It is wielding a +0 trident.
The red devil attacks as it pursues you!
You block the red devil's attack. x2
The red devil attacks as it pursues you!
You block the red devil's attack. You block the red devil's attack.
You block the red devil's attack.
You hit the red devil.
The red devil decays.
You grab the red devil. You constrict the red devil.
You block the red devil's attack.
You cut the red devil into ribbons!!!
You kill the red devil!
Makhleb accepts your kill.
No target in view!
There is an open door here.
There is a staircase leading out of the dungeon here.
You have escaped!

Skill      XL: |  1  2  3  4  5  6  7  8  9 10 11 12 13 14 15 16 17 18 19 20 21 22 23 24 25 26 27 |
---------------+----------------------------------------------------------------------------------+-----
Axes           | 3 4 5 6 8 10 11 13 14 15 17 18 27 | 27.0
Stealth        | 3 4 |  4.2
Fighting       | 5 8 10 12 14 16 18 20 27 | 27.0
Evocations     | 4 6 |  6.0
Invocations    | 8 12 16 27 | 27.0
Shields        | 4 7 10 13 15 17 18 27 | 27.0
Armour         | 5 9 12 13 15 16 27 | 27.0
Dodging        | 6 8 22 | 22.9
Shapeshifting  | 3 12 16 17 18 23 | 23.0

Action                     |  1- 3 |  4- 6 |  7- 9 | 10-12 | 13-15 | 16-18 | 19-21 | 22-24 | 25-27 || total
---------------------------+-------+-------+-------+-------+-------+-------+-------+-------+-------++-------
  Melee: War axe           |    71 |   124 |   278 |   372 |    39 |    10 |    38 |       |       ||   932
         Bite              |       |       |       |    70 |   165 |   260 |   418 |   207 |       ||  1120
         Broad axe         |       |       |       |   226 |   842 |  1216 |  1776 |  1142 |  6489 || 11691
         Constrict         |       |       |       |       |   167 |   221 |   337 |   180 |  1263 ||  2168
 Invoke: Heroism           |       |       |       |     6 |    13 |    23 |     5 |       |       ||    47
         Receive Weapon    |       |       |       |     1 |       |       |       |       |       ||     1
         Receive Armour    |       |       |       |     1 |       |       |       |       |       ||     1
         Finesse           |       |       |       |     1 |     7 |    13 |     5 |       |       ||    26
         Greater Servant o |       |       |       |       |       |       |       |     7 |    58 ||    65
         Lesser Servant of |       |       |       |       |       |       |       |       |     1 ||     1
Ability: Spit Poison       |    25 |    39 |    43 |    35 |       |     1 |       |       |       ||   143
         Breathe Poison Ga |       |       |       |       |       |       |       |       |     1 ||     1
  Evoke: Wand              |       |       |     4 |     5 |       |     1 |     2 |       |    19 ||    31
         Phantom mirror    |       |       |       |       |       |       |       |       |     1 ||     1
         Condenser vane    |       |       |       |       |       |       |       |       |     1 ||     1
    Use: Scroll            |       |     7 |     1 |    12 |    15 |     6 |    12 |    12 |    53 ||   118
         Potion            |       |     1 |     1 |     3 |     7 |     2 |     3 |     7 |    20 ||    44
   Stab: Sleeping          |       |       |     2 |       |     3 |       |       |       |       ||     5
         Paralysed         |       |       |     1 |       |       |       |       |       |       ||     1
         Distracted        |       |       |       |     1 |       |     2 |       |       |    25 ||    28
         Invisible         |       |       |       |       |       |     7 |       |       |    27 ||    34
 Armour: Scale mail        |    68 |   107 |   266 |   710 |   597 |       |       |       |       ||  1748
         Ring mail         |       |    33 |       |       |       |       |       |       |       ||    33
         Gold dragon scale |       |       |       |       |   177 |  1063 |  1343 |  1324 |  3234 ||  7141
  Dodge: Dodged            |    34 |    47 |    83 |   175 |   140 |   147 |   440 |   170 |  1273 ||  2509
  Block: Buckler           |    22 |    28 |    51 |   148 |    80 |       |       |       |       ||   329
         Kite shield       |       |       |       |       |   371 |  1048 |  1566 |   474 |       ||  3459
         Reflection        |       |       |       |       |     1 |   137 |   157 |    47 |   244 ||   586
         Tower shield      |       |       |       |       |       |       |       |  1203 | 10060 || 11263
   Form: Death             |       |       |       |       |       |       |       |     1 |     3 ||     4
                           |       |       |       |       |       |       |       |     1 |     2 ||     3

Levels and vault maps discovered:
D:1:      spicycebolla_green_bress_n_ham_2, layout_basic
D:2:      layout_basic, nicolae_ecumenical_lake_church, minmay_misc_feat_columns
D:3:      layout_loops_cross, uniq_robin
D:4:      layout_basic, mainiacjoe_overflow_six_doors_small,
          overflow_temple_1_default, zin_treasury,
          minmay_temple_entry_glassed_door, grunt_ministairs_3,
          minmay_hedge_maze, hangedman_decor_peaks_small,
          dreamdust_princess_corridor, ebering_dispersal_statue_hall
D:5:      layout_loops_ring, nicolae_gozag_seed_capital,
          nicolae_uskayaw_murder_on_the_dancefloor,
          mainiacjoe_overflow_small_starburst, yredelemnul_altar_generic,
          nicolae_shop_overcharged_wands
D:6:      layout_gridville, mainiacjoe_overflow_surrounded_room,
          elyvilon_altar_3
D:7:      layout_loops_cross, vehumet_crystals, mainiacjoe_overflow_brackets,
          nicolae_ru_great_annihilating_truth, serial_glass, glass_columns_a,
          glass_columns_b, due_unseen_surprise, minmay_strange_pillars,
          uniq_pikel
D:8:      layout_cave_pools, hellmonk_lair_entry_icy, enter_bailey_3,
          kennysheep_big_empty_room, nicolae_tricolors
D:9:      layout_small_grid, old_standard_altar, orc_0_dummy,
          dreamdust_wishing_well
D:10:     minmay_gate_of_8, layout_stronghold,
          mainiacjoe_overflow_cross_hatched, lemuel_coloured_pillars_altar,
          mainiacjoe_overflow_alcove_4, serial_shops, nicolae_take_the_stairs,
          hellmonk_guarded_unrand_cigotuvi, uniq_grum
D:11:     layout_rooms, serial_shops, nicolae_shop_trees,
          kennysheep_just_a_vault
D:12:     layout_rooms, serial_shops, bzr_entry_dummy, uniq_jorgrun
D:13:     layout_stronghold, erik_vaults_1, serial_shops, shop,
          kennysheep_island_fort
D:14:     layout_roguey, roderic_serpentine_path
D:15:     gammafunk_enter_depths_forms, layout_gridville, minivault_14,
          serial_shops, nicolae_shop_advertising_works
          [nicolae_subvault_shop_adworks], uniq_rupert
Temple:   nicolae_temple_bog_church
Lair:1:   gammafunk_worm_tunnel, layout_cave_pods, serial_forest,
          infiniplex_forest_end_1, infiniplex_forest_end_1,
          infiniplex_forest_clump_small, infiniplex_forest_clump_curved,
          infiniplex_forest_straight_5, infiniplex_forest_corner_1,
          infiniplex_forest_corner_2, infiniplex_forest_end_2
Lair:2:   layout_roguey, grunt_megastairs_4, uniq_urug
Lair:3:   layout_cave_pods, minmay_swamp_entry_worms,
          guppyfry_snake_entry_garden, ebering_ghost_xom
Lair:4:   layout_loops_ring, slime_entry_1, serial_forest,
          infiniplex_forest_straight_4, infiniplex_forest_lined_2,
          infiniplex_forest_lined_2, infiniplex_forest_clump_curved,
          infiniplex_forest_clump_double, infiniplex_staircase_pool,
          uniq_josephine
Lair:5:   hangedman_lair_tendril_chambers, layout_regular_city, ldierk_geyser,
          worms_lemuel, serial_bayou_shore_b
Swamp:1:  layout_basic_swamp, nicolae_swamp_triple_paths,
          hangedman_swamp_blocks, swamp_pool_1_2
Swamp:2:  layout_basic_swamp, serial_swamp_ruin, evilmike_swamp_ruin_wall,
          evilmike_swamp_ruin_house_2, swamp_pool_1_2, uniq_louise, uniq_frances
Swamp:3:  layout_basic_swamp, nicolae_swamp_dense_foliage, swamp_pool_5
Swamp:4:  nzn_swamp_witches_coven, layout_basic_swamp
Snake:1:  layout_grid_maze, uniq_donald
Snake:2:  layout_misc_corridors, basic_altar, ebering_ghost_reflecting_pool,
          minmay_shop_grove
Snake:3:  layout_onion
Snake:4:  hellmonk_snake_rune_quicksilver_temple, layout_cave_town,
          nicolae_snake_salamander_jacuzzi, uniq_aizul
Slime:1:  layout_caves
Slime:2:  layout_caves
Slime:3:  layout_caves
Slime:4:  layout_caves
Slime:5:  slime_pit_nicolae_inversion
Orc:1:    layout_caves, serial_shops, shop
Orc:2:    st_orc_town, layout_diamond_mine, basic_altar
Elf:1:    minmay_elf_arrival_plus, layout_onion_city, hangedman_elf_disciples,
          uniq_roxanne, uniq_azrael
Elf:2:    nicolae_elf_blades_crystal_corner, layout_geoelf_grid,
          portal_ice_cave_entry_dragon
Elf:3:    minmay_elf_hall_spiked, layout_loops_cross
Vaults:1: v_rooms_5, vaults_dpeg_encased_lava, v_rooms_6,
          ontoclasm_vaults_idyll, nicolae_vaults_stairing_the_circle,
          nicolae_vaults_circle_grid_b, nicolae_vaults_sesquioval_fish,
          nicolae_vaults_storage_closets_2, vaults_standard_mumra_x,
          nicolae_vaults_fighting_squares, nicolae_vaults_house_2,
          layout_vaults_omnibox, uniq_saint_roka
Vaults:2: hangedman_vaults_slice, blue_anna_dwarven_crypt,
          vaults_standard_mumra_enter_the_diamond,
          nicolae_vaults_bisected_slash, serial_library_hellmonk_big_corner,
          ontoclasm_vaults_spin, ontoclasm_vaults_chip, vaults_room_door_hall,
          nicolae_vaults_little_squares_2, vaults_room_stairs_pillars,
          layout_vaults_omnigrid, serial_shops, shop
Vaults:3: portal_desolation_entry_nicolae_nacl, v_misc_4,
          vaults_mumra_minichess, v_alt_pattern_6, ontoclasm_vaults_ring_small,
          hangedman_vaults_maws, vaults_mumra_hexcomb,
          nicolae_vaults_heart-shaped_vault, vaults_room_grid,
          nicolae_vaults_trapezoid_4, st_lines, nicolae_vaults_trapezoid_4,
          grunt_vaults_bifocal, layout_vaults_maze_bifur, serial_shops, shop,
          uniq_sojobo
Vaults:4: v_misc_32, nicolae_vaults_trapezoid_3, hangedman_vaults_snaps,
          vaults_room_boxed, ontoclasm_vaults_decontamination,
          nicolae_vaults_diamond_1, nicolae_vaults_diamond_1,
          dpeg_vaults_monster_box, hangedman_vaults_slice, v_pattern_1,
          vaults_dpeg_ring, v_misc_17, layout_vaults_omnicross, uniq_zenata
Vaults:5
Crypt:1:  tekkud_devil_daggers, layout_rooms, moated_statue, eino_tiny_chamber,
          minivault_11
Crypt:2:  layout_catacombs
Crypt:3:  evilmike_haunted_forest
Tomb:1
Tomb:2
Tomb:3
Depths:1: layout_roguey, enter_ziggurat_c, infiniplex_enter_wizlab_glasses,
          serial_library_hellmonk_layered_room, pan_entry, enter_trove_3,
          hell_entry, serial_rivers, chequers_serial_rivers_small_3,
          chequers_serial_rivers_micro_d, chequers_serial_rivers_small_3,
          chequers_serial_rivers_micro_a, chequers_serial_rivers_micro_e,
          roadster_trireme, uniq_bai_suzhen, uniq_norris
Depths:2: minmay_cut_squares, layout_honeycomb, grunt_pan_entry_in_and_out,
          hell_entry, fedhas_altar_3, minmay_misc_feat_alley,
          chequers_serial_rivers_marsh, kennysheep_potato, uniq_mara
Depths:3: minmay_the_grid_square_5x5_4x4 [minmay_the_grid_square_5x5_minimal,
          minmay_the_grid_square_5x5_pentomino_r,
          minmay_the_grid_square_5x5_minibox,
          minmay_the_grid_square_5x5_broken_cross,
          minmay_the_grid_square_5x5_forky,
          minmay_the_grid_square_5x5_prize_pseudospiral,
          minmay_the_grid_square_5x5_prize_gold,
          minmay_the_grid_square_5x5_two_walls_a,
          minmay_the_grid_square_5x5_n_small,
          minmay_the_grid_square_5x5_prize_open,
          minmay_the_grid_square_5x5_prize_itemx,
          minmay_the_grid_square_5x5_checkered_statues,
          minmay_the_grid_square_5x5_tri_point,
          minmay_the_grid_square_5x5_bridge,
          minmay_the_grid_square_5x5_eight_small,
          minmay_the_grid_square_5x5_percent], layout_gridlike, abyss_entry,
          grunt_pan_entry_zigzag, grunt_hell_entry_dis_old, abandoned_shop,
          uniq_grunn
Depths:4: evilmike_zot_entry_basic, layout_gridville, kennysheep_flooded_box,
          lightli_too_deep, grunt_megastairs_5, serial_bayou_shore_b,
          serial_bayou_shore_b, serial_bayou_shore_a, uniq_vv
Hell
Dis:1:    nicolae_dis_hell_towers
Dis:2:    layout_subdivisions
Dis:3:    layout_subdivisions
Dis:4:    nicolae_dis_pentagon_2, layout_regular_city, nicolae_dis_scattering
Dis:5:    layout_jigsaw, hangedman_dis_chains, nicolae_dis_metal_dragon_surprise
Dis:6:    layout_subdivisions
Dis:7:    dis_hangedman
Geh:1:    layout_gehenna_pools_box
Geh:2:    layout_gehenna_pools_box, nicolae_geh_liches_on_tour
Geh:3:    layout_gehenna_pools_box
Geh:4:    layout_gehenna_pools_triple, nicolae_geh_lava_shack
Geh:5:    layout_gehenna_pools_box, nicolae_geh_amphitheater
Geh:6:    layout_gehenna_pools_box
Geh:7:    geh_mu
Coc:1:    layout_cocytus_water_paths
Coc:2:    layout_cocytus_water_paths
Coc:3:    layout_ice_bergs
Coc:4:    layout_ice_bergs
Coc:5:    layout_cocytus_water_paths
Coc:6:    nicolae_coc_bergin, layout_cocytus_delve
Coc:7:    coc_hangedman
Tar:1:    layout_cathedral_of_symmetry
Tar:2:    layout_honeycomb
Tar:3:    layout_grid_maze
Tar:4:    layout_cathedral_of_symmetry, nicolae_tar_cuneiform_bread,
          nicolae_tar_cuneiform_city, nicolae_tar_combbox
Tar:5:    layout_cathedral_of_symmetry
Tar:6:    layout_cathedral_of_symmetry
Tar:7:    tar_minmay_river
Zot:1:    layout_misc_corridors, regret_index_zot_stipple_split
Zot:2:    layout_cathedral_of_symmetry, nicolae_rock_paper_scissors
Zot:3:    lemuel_draconian_sentries, layout_basic, gammafunk_ghost_grave
Zot:4:    layout_gridlike, st_small_dragon_hoard_2, grunt_ministairs_10,
          st_stairs_9
Zot:5:    layout_twisted_circle, uniq_tiamat

Notes
Turn   | Place    | Note
-------+----------+-------------------------------------------
     0 | D:1      | MackTheKnife the Naga Fighter began the quest for the Orb.
     0 | D:1      | Reached XP level 1. HP: 21/21 MP: 1/1
     0 | D:1      | magus.rc [v1.9.6]
   214 | D:1      | Reached XP level 2. HP: 25/28 MP: 2/2
   315 | D:1      | Reached skill level 3 in Axes
   969 | D:2      | Reached XP level 3. HP: 28/34 MP: 3/3
  1474 | D:2      | Found a faded altar of an unknown god.
  1575 | D:2      | Reached skill level 1 in Stealth
  1644 | D:2      | Reached skill level 3 in Stealth
  1644 | D:2      | Reached XP level 4. HP: 39/42 MP: 4/4
  2419 | D:3      | Reached skill level 4 in Stealth
  2502 | D:3      | You pick up a book of Touch and begin reading...
  2502 | D:3      | You add the spells Kiss of Death, Confusing Touch and
                  | Dispel Undead to your library.
  2606 | D:3      | Noticed Robin
  2654 | D:3      | Killed Robin
  2655 | D:3      | Reached skill level 4 in Axes
  2747 | D:3      | Reached XP level 5. HP: 49/49 MP: 5/5
  2827 | D:3      | Identified the +6 scale mail of Dorat {Regen+ Str+3}
  3209 | D:4      | Found an ornate altar of the Wu Jian Council.
  3276 | D:4      | Reached skill level 5 in Axes
  3305 | D:4      | Found a staircase to the Ecumenical Temple.
  3314 | D:4      | Reached XP level 6. HP: 56/56 MP: 6/6
  3319 | Temple   | Entered the Ecumenical Temple
  3324 | Temple   | Became a worshipper of Warmaster Okawaru
  3682 | D:4      | You pick up a book of Party Tricks and begin reading...
  3682 | D:4      | You add the spells Apportation, Jinxbite and Alistair's
                  | Intoxication to your library.
  3760 | D:4      | Reached skill level 6 in Axes
  4015 | D:4      | Found a hazy altar of Hepliaklqana.
  4068 | D:4      | Reached XP level 7. HP: 62/62 MP: 7/7
  4288 | D:4      | Found a glowing silver altar of Zin.
  4316 | D:5      | Entered Level 5 of the Dungeon
  4335 | D:5      | Found a basalt altar of Yredelemnul.
  4408 | D:5      | Found Arghaqas's Overcharged Wands.
  4422 | D:5      | Reached skill level 7 in Axes
  4454 | D:5      | You pick up a book of Callings and begin reading...
  4470 | D:5      | Found a stormy altar of Qazlal.
  4484 | D:5      | Reached * piety under Okawaru
  4492 | D:5      | Reached skill level 8 in Axes
  4515 | D:5      | Reached XP level 8. HP: 69/69 MP: 8/8
  4543 | D:5      | You pick up a book of Minor Magic and begin reading...
  4543 | D:5      | You add the spells Magic Dart and Mephitic Cloud to your
                  | library.
  4651 | D:5      | Reached skill level 9 in Axes
  4705 | D:5      | Reached ** piety under Okawaru
  4769 | D:5      | Found a hide-covered altar of Uskayaw.
  4941 | D:5      | Found an opulent altar of Gozag.
  5170 | D:6      | Reached skill level 4 in Fighting
  5390 | D:6      | Identified the staff of Eternity {rPois rF+++ rC+ Int+2
                  | Dex-5 Ice}
  5429 | D:6      | Found an ancient bone altar of Kikubaaqudgha.
  5519 | D:6      | Found a white marble altar of Elyvilon.
  5712 | D:6      | Reached skill level 5 in Fighting
  5712 | D:6      | Reached skill level 10 in Axes
  5792 | D:6      | Reached XP level 9. HP: 80/81 MP: 9/9
  5963 | D:7      | Found a sacrificial altar of Ru.
  6072 | D:7      | Reached *** piety under Okawaru
  6229 | D:7      | Reached skill level 6 in Fighting
  6384 | D:7      | Found a radiant altar of Vehumet.
  6524 | D:7      | Noticed Pikel
  6562 | D:7      | Killed Pikel
  6563 | D:7      | Reached skill level 7 in Fighting
  6563 | D:7      | Reached skill level 11 in Axes
  6750 | D:7      | Found a broken altar of Ashenzari.
  6887 | D:8      | Found a flagged portal.
  6900 | Bailey   | Entered a bailey
  7002 | Bailey   | Noticed an orc knight
  7012 | Bailey   | Killed an orc knight
  7013 | Bailey   | Reached skill level 8 in Fighting
  7013 | Bailey   | Reached XP level 10. HP: 43/96 MP: 10/10
  7083 | Bailey   | Reached **** piety under Okawaru
  7116 | Bailey   | Noticed an orc knight
  7127 | Bailey   | Noticed an orc knight
  7128 | Bailey   | Gained mutation: Your body sometimes deteriorates upon
                  | taking damage. [potion of mutation]
  7128 | Bailey   | Gained mutation: You occasionally lose the ability to read
                  | scrolls when taking damage. [potion of mutation]
  7128 | Bailey   | Gained mutation: You have a pair of small antennae on your
                  | head. [potion of mutation]
  7139 | Bailey   | Killed an orc knight
  7140 | Bailey   | Reached skill level 12 in Axes
  7180 | Bailey   | Lost mutation: You occasionally lose the ability to read
                  | scrolls when taking damage. [potion of mutation]
  7180 | Bailey   | Lost mutation: You have a pair of small antennae on your
                  | head. [potion of mutation]
  7180 | Bailey   | Gained mutation: Your magical capacity is low. (-10% MP)
                  | [potion of mutation]
  7180 | Bailey   | Gained mutation: You possess an exceptional clarity of
                  | mind. [potion of mutation]
  7180 | Bailey   | Gained mutation: Your magical capacity is very low. (-20%
                  | MP) [potion of mutation]
  7181 | Bailey   | Lost mutation: You possess an exceptional clarity of mind.
                  | [potion of mutation]
  7181 | Bailey   | Lost mutation: Your body sometimes deteriorates upon taking
                  | damage. [potion of mutation]
  7181 | Bailey   | Lost mutation: Your magical capacity is very low. (-20% MP)
                  | [potion of mutation]
  7181 | Bailey   | Gained mutation: Your spells are a little harder to cast,
                  | but a little more powerful. [potion of mutation]
  7181 | Bailey   | Gained mutation: You have very sharp teeth. [potion of
                  | mutation]
  7392 | Bailey   | Acquired the +3 barding of the Thistle {Int+3}
  7482 | Bailey   | Noticed an orc sorcerer
  7487 | Bailey   | Noticed an orc high priest
  7501 | Bailey   | Killed an orc high priest
  7502 | Bailey   | Reached skill level 9 in Fighting
  7559 | Bailey   | Found an iron altar of Okawaru.
  7609 | Bailey   | Killed an orc sorcerer
  7609 | Bailey   | Reached ***** piety under Okawaru
  7873 | D:8      | Reached skill level 13 in Axes
  7890 | D:8      | Reached skill level 10 in Fighting
  7913 | D:8      | Reached XP level 11. HP: 100/108 MP: 9/9
  7997 | D:8      | Found a staircase to the Lair.
  8640 | D:9      | Received a gift from Okawaru
  8694 | D:9      | You add the spells Passage of Golubria and Yara's Violent
                  | Unravelling to your library.
  8798 | D:9      | Reached skill level 11 in Fighting
  8885 | D:9      | Found a staircase to the Orcish Mines.
  8983 | D:9      | Found a burning altar of Makhleb.
  9097 | D:9      | You add the spells Vhi's Electric Charge, Arcjolt and
                  | Maxwell's Capacitive Coupling to your library.
  9315 | D:10     | Entered Level 10 of the Dungeon
  9351 | D:10     | Found Pijyblef's Antique Weapon Shop.
  9404 | D:10     | Reached skill level 14 in Axes
  9409 | D:10     | You pick up a book of the Senses and begin reading...
  9409 | D:10     | You add the spells Dazzling Flash, Agony and Silence to
                  | your library.
  9486 | D:10     | Identified the +1 flail "Tuameota" {heavy, Int+2 SInv}
  9613 | D:10     | Reached skill level 12 in Fighting
  9615 | D:10     | Reached skill level 1 in Evocations
  9616 | D:10     | Reached skill level 2 in Evocations
  9675 | D:10     | Found a sparkling altar of Nemelex Xobeh.
  9806 | D:10     | Noticed Grum
  9810 | D:10     | Reached ****** piety under Okawaru
  9813 | D:10     | Killed Grum
  9814 | D:10     | Acquired the +7 executioner's axe "Yreeho" {freeze, rElec
                  | Str+3}
  9814 | D:10     | Received a gift from Okawaru
  9835 | D:10     | Acquired the +1 barding of Tuiq Quypn {rElec rN+++ Will-
                  | rCorr}
  9835 | D:10     | Received a gift from Okawaru
  9837 | D:10     | Found a shimmering altar of Xom.
  9938 | D:10     | Reached skill level 3 in Evocations
  9985 | D:10     | Found a bloodstained altar of Trog.
 10061 | D:10     | Reached skill level 4 in Evocations
 10121 | D:10     | Reached XP level 12. HP: 122/122 MP: 10/10
 10273 | D:10     | Found the +4 Cigotuvi's embrace {Corpsefed rMiasma Drain
                  | rN+}
 10284 | D:10     | Reached skill level 5 in Evocations
 10462 | D:11     | Reached skill level 6 in Evocations
 10474 | D:11     | Received a gift from Okawaru
 10475 | D:11     | Reached skill level 2 in Invocations
 10594 | D:11     | Noticed a two-headed ogre
 10596 | D:11     | a two-headed ogre changed into a lindwurm
 10602 | D:11     | Reached skill level 3 in Invocations
 10645 | D:11     | Noticed a two-headed ogre
 10652 | D:11     | Killed a two-headed ogre
 10653 | D:11     | Reached skill level 4 in Invocations
 10690 | D:11     | Acquired 1270 gold pieces
 10714 | D:11     | Found Heat's Antique Weapon Boutique.
 10800 | D:10     | Noticed an ettin
 10800 | D:10     | Noticed a fire giant
 10801 | D:10     | Found a runed translucent door.
 10801 | D:10     | Noticed a stone giant
 10803 | D:10     | Noticed a six-headed hydra
 10803 | D:10     | Noticed a five-headed hydra
 11146 | Lair:1   | Entered Level 1 of the Lair of Beasts
 11230 | Lair:1   | Reached skill level 5 in Invocations
 11291 | Lair:1   | You pick up a book of Frost and begin reading...
 11291 | Lair:1   | You add the spells Freeze, Frozen Ramparts and Hailstorm to
                  | your library.
 11318 | Lair:1   | Reached skill level 6 in Invocations
 11383 | Lair:1   | Received a gift from Okawaru
 11414 | Lair:1   | Reached skill level 7 in Invocations
 11529 | Lair:1   | Found a transporter.
 11571 | Lair:1   | Found a transporter.
 11586 | Lair:1   | You pick up a book of Burglary and begin reading...
 11586 | Lair:1   | You add the spells Passwall, Ensorcelled Hibernation and
                  | Swiftness to your library.
 11742 | Lair:1   | Reached skill level 8 in Invocations
 11769 | Lair:1   | Reached skill level 3 in Shields
 12038 | Lair:1   | Identified the +3 whip of Insufficient Pleasure {flame,
                  | *Rage rF+ rC+}
 12243 | Lair:2   | Reached skill level 4 in Shields
 12305 | Lair:2   | Noticed a five-headed hydra
 12306 | Lair:2   | Received a gift from Okawaru
 12309 | Lair:2   | Gained mutation: You can use your snake-like lower body to
                  | constrict enemies. [Naga growth]
 12309 | Lair:2   | Reached XP level 13. HP: 102/129 MP: 17/17
 12323 | Lair:2   | Reached skill level 5 in Shields
 12607 | Lair:2   | Noticed Urug
 12615 | Lair:2   | Killed Urug
 12725 | Lair:2   | Identified a potion of experience
 12726 | Lair:2   | Reached skill level 15 in Axes
 12726 | Lair:2   | Reached skill level 7 in Shields
 12726 | Lair:2   | Reached XP level 14. HP: 138/138 MP: 18/18
 12892 | Lair:2   | Received a gift from Okawaru
 13040 | Lair:2   | Identified the serpent talisman of Nemelex Xobeh's Grace
                  | {Fly}
 13196 | Lair:3   | Reached skill level 8 in Shields
 13204 | Lair:3   | Reached skill level 16 in Axes
 13220 | Lair:3   | Identified the +0 scale mail "Wazxysuoma" {-Tele +Inv rC++
                  | Will+}
 13280 | Lair:3   | You pick up a book of Cantrips and begin reading...
 13289 | Lair:3   | Found a runed translucent door.
 13291 | Lair:3   | Found a shimmering altar of Xom.
 13291 | Lair:3   | Noticed Butsoxze's ghost (journeyman DjGl)
 13543 | Lair:3   | Found a staircase to the Snake Pit.
 13653 | Lair:3   | Reached skill level 9 in Shields
 13686 | Lair:3   | Found a staircase to the Swamp.
 13699 | Lair:3   | Received a gift from Okawaru
 13787 | Lair:3   | Identified the +0 helmet "Lyed" {rElec Will+ SInv}
 14525 | Lair:4   | Noticed Josephine
 14536 | Lair:4   | Killed Josephine
 14568 | Lair:4   | Found a staircase to the Slime Pits.
 14569 | Lair:4   | Found a viscous altar of Jiyva.
 14614 | Lair:4   | Reached skill level 17 in Axes
 14911 | Lair:4   | Reached skill level 10 in Shields
 15175 | Lair:5   | Entered Level 5 of the Lair of Beasts
 15209 | Lair:5   | Received a gift from Okawaru
 15298 | Lair:5   | Reached XP level 15. HP: 75/144 MP: 18/18
 15489 | Lair:5   | Paralysed by a hornet for 2 turns
 15985 | Lair:5   | Received a gift from Okawaru
 16337 | Lair:5   | Reached skill level 18 in Axes
 16353 | Lair:5   | You pick up a book of the Hunter and begin reading...
 16353 | Lair:5   | You add the spells Sigil of Binding, Dimensional Bullseye
                  | and Leda's Liquefaction to your library.
 16553 | Orc:1    | Entered Level 1 of the Orcish Mines
 16770 | Orc:2    | Entered Level 2 of the Orcish Mines
 16770 | Orc:2    | Found a staircase to the Elven Halls.
 16789 | Orc:2    | Reached skill level 13 in Fighting
 16812 | Orc:2    | Noticed an orc warlord
 16825 | Orc:2    | Noticed an orc warlord
 16834 | Orc:2    | Killed an orc warlord
 16855 | Orc:2    | Killed an orc warlord
 16863 | Orc:2    | Received a gift from Okawaru
 17086 | Orc:2    | Found Haugogh's Magic Scroll Shop.
 17086 | Orc:2    | Found Tameoh's Armour Emporium.
 17104 | Orc:2    | Reached skill level 14 in Fighting
 17161 | Orc:2    | Bought the +9 scales of the Dragon King {rPois rF+ rC+
                  | Will+} for 1622 gold pieces
 17161 | Orc:2    | Found the +9 scales of the Dragon King {rPois rF+ rC+
                  | Will+}
 17185 | Orc:2    | Bought a scroll of enchant weapon for 82 gold pieces
 17185 | Orc:2    | Bought a scroll of enchant weapon for 82 gold pieces
 17388 | Orc:2    | Noticed an orc warlord
 17394 | Orc:2    | Reached skill level 3 in Armour
 17413 | Orc:2    | Killed an orc warlord
 17609 | Orc:2    | Found Soarhe's Book Shop.
 17609 | Orc:2    | Found Baag's Distillery.
 17625 | Orc:2    | Bought a potion of heal wounds for 75 gold pieces
 17625 | Orc:2    | Bought a potion of heal wounds for 75 gold pieces
 17625 | Orc:2    | Bought a potion of haste for 150 gold pieces
 17625 | Orc:2    | Bought a potion of might for 60 gold pieces
 17847 | Orc:1    | Reached skill level 4 in Armour
 17919 | Orc:1    | Found Cuok's Book Shop.
 18132 | D:12     | Found a flickering gateway to a bazaar.
 18143 | Bazaar   | Entered a bazaar
 18229 | Bazaar   | Found Pierghory's Distillery.
 18236 | Bazaar   | Found Owunu's General Store.
 18239 | Bazaar   | Found Fiag's Armour Shoppe.
 18276 | Bazaar   | Found Kahighukh's General Store.
 18314 | Bazaar   | Bought a scroll of acquirement for 416 gold pieces
 18314 | Bazaar   | Bought a scroll of blinking for 60 gold pieces
 18314 | Bazaar   | Acquired a manual of Invocations
 18335 | Bazaar   | Bought a potion of resistance for 150 gold pieces
 18355 | Bazaar   | Bought a scroll of identify for 34 gold pieces
 18451 | D:12     | Noticed Jorgrun
 18475 | D:12     | Killed Jorgrun
 18724 | D:12     | Reached skill level 5 in Armour
 18908 | D:13     | Found Udiracuof's Jewellery Shoppe.
 18941 | D:13     | Reached XP level 16. HP: 160/160 MP: 19/19
 18953 | D:13     | Found a gate to the Vaults.
 19013 | D:13     | Noticed a storm dragon
 19319 | D:13     | Killed a storm dragon
 19339 | D:13     | Reached skill level 15 in Fighting
 19595 | D:13     | Reached skill level 6 in Armour
 20052 | D:14     | You pick up a book of Dreams and begin reading...
 20624 | D:15     | Entered Level 15 of the Dungeon
 20670 | D:15     | Reached skill level 7 in Armour
 20898 | D:15     | Found Leqor's Armour Emporium.
 21017 | D:15     | Received a gift from Okawaru
 21025 | D:15     | Reached skill level 16 in Fighting
 21105 | D:15     | Found a staircase to the Depths.
 21107 | D:15     | a stone giant changed into a fenstrider witch
 21107 | D:15     | Noticed a fenstrider witch (glowing shapeshifter)
 21110 | D:15     | a fenstrider witch changed into a dire elephant
 21111 | D:15     | a dire elephant changed into an azure jelly
 21111 | D:15     | Noticed an azure jelly (glowing shapeshifter)
 21114 | D:15     | an azure jelly changed into a fenstrider witch
 21114 | D:15     | Noticed a fenstrider witch (glowing shapeshifter)
 21116 | D:15     | a fenstrider witch changed into a fire giant
 21124 | D:15     | a fire giant changed into an azure jelly
 21124 | D:15     | Noticed an azure jelly (glowing shapeshifter)
 21129 | D:15     | Killed an azure jelly
 21130 | D:15     | Reached skill level 8 in Armour
 21482 | D:15     | Received a gift from Okawaru
 21483 | D:15     | Reached skill level 9 in Armour
 21855 | D:15     | Noticed Rupert
 21871 | D:15     | Killed Rupert
 22128 | D:10     | You pick up a book of Necromancy and begin reading...
 22267 | Lair:1   | HP: 41/165 [poison (dark miasma)]
 22272 | Lair:1   | HP: 38/165 [poison (dark miasma)]
 22549 | Lair:1   | Identified the +0 hat "Dadufaok" {rF++ rC- Dex+2 Stlth+}
 22667 | D:13     | Bought a +6 ring of strength for 612 gold pieces
 22815 | Snake:1  | Entered Level 1 of the Snake Pit
 22941 | Snake:1  | Reached XP level 17. HP: 172/172 MP: 20/20
 22958 | Snake:1  | Reached skill level 10 in Armour
 22984 | Snake:1  | Noticed Donald
 22994 | Snake:1  | Killed Donald
 23249 | Snake:1  | You pick up a book of the Earth and begin reading...
 23249 | Snake:1  | You add the spells Lee's Rapid Deconstruction and Bombard
                  | to your library.
 23356 | Snake:1  | You pick up a book of Unlife and begin reading...
 23443 | Snake:1  | You fall into a shaft and drop 1 floor!
 23528 | Snake:2  | Reached skill level 11 in Armour
 23605 | Snake:2  | You pick up a book of Necromancy and begin reading...
 23614 | Snake:2  | Found Reoniaw's Jewellery Emporium.
 23615 | Snake:2  | Found Quamoul's Book Boutique.
 23615 | Snake:2  | Found Riuxtukial's Book Boutique.
 23663 | Snake:2  | Found a runed translucent door.
 23667 | Snake:2  | Noticed Vuarud's ghost (journeyman FeSu)
 23889 | Snake:2  | Found a bloodstained altar of Trog.
 24171 | Snake:2  | You pick up a book of Cantrips and begin reading...
 24213 | Snake:3  | Reached skill level 1 in Dodging
 24223 | Snake:3  | Reached skill level 12 in Armour
 24225 | Snake:3  | Reached skill level 2 in Dodging
 24672 | Snake:3  | Reached skill level 3 in Dodging
 24755 | Snake:3  | Reached skill level 4 in Dodging
 24765 | Snake:3  | Received a gift from Okawaru
 25066 | Snake:3  | Reached skill level 5 in Dodging
 25425 | Snake:4  | Entered Level 4 of the Snake Pit
 25699 | Snake:4  | Identified the serpent talisman of Spite {rF+ Will- Str+3}
 25699 | Snake:4  | Noticed Aizul
 25718 | Snake:4  | Killed Aizul
 25719 | Snake:4  | Reached skill level 6 in Dodging
 25865 | Snake:4  | Reached XP level 18. HP: 181/181 MP: 21/21
 26010 | Snake:4  | Reached skill level 11 in Shields
 26055 | Snake:4  | You pick up a book of Air and begin reading...
 26055 | Snake:4  | You add the spells Shock and Airstrike to your library.
 26153 | Snake:4  | Identified the +1 orcbow "Arulunud" {elec, rPois rN+++
                  | rCorr Dex-5}
 26350 | Snake:4  | Received a gift from Okawaru
 26373 | Snake:4  | Reached skill level 7 in Dodging
 26601 | Snake:4  | Noticed a quicksilver dragon
 26615 | Snake:4  | Killed a quicksilver dragon
 26617 | Snake:4  | quicksilver dragon scales {rare}; a quicksilver dragon
                  | corpse
 26621 | Snake:4  | quicksilver dragon scales {rare}; a quicksilver dragon
                  | corpse
 26626 | Snake:4  | Got a serpentine rune of Zot
 26882 | Vaults:5 | Identified the of Wygywa
 26882 | Vaults:5 | Identified the of Lago
 26882 | Crypt:3  | Identified the "Paxerpho"
 26882 | Elf:1    | Entered Level 1 of the Elven Halls
 26899 | Elf:1    | Reached skill level 12 in Shields
 26915 | Elf:1    | Reached skill level 8 in Dodging
 26916 | Elf:1    | Noticed Azrael
 26938 | Elf:1    | Killed Azrael
 26976 | Elf:1    | Reached skill level 9 in Invocations
 27112 | Elf:1    | You fall into a shaft and drop 1 floor!
 27112 | IceCv    | Identified the of Rujopt
 27144 | Elf:2    | Received a gift from Okawaru
 27152 | Elf:2    | Found a runed translucent gate.
 27152 | Elf:2    | Found a runed translucent gate.
 27153 | Elf:2    | Found a runed translucent gate.
 27167 | Elf:2    | Reached skill level 10 in Invocations
 27250 | Elf:2    | Reached skill level 11 in Invocations
 27285 | Elf:2    | Noticed a Brimstone Fiend
 27301 | Elf:2    | Reached skill level 13 in Shields
 27318 | Elf:2    | Found a frozen archway.
 27327 | IceCv    | Entered an ice cave
 27330 | IceCv    | Reached skill level 12 in Invocations
 27381 | IceCv    | Received a gift from Okawaru
 27382 | IceCv    | Reached XP level 19. HP: 169/188 MP: 6/25
 27440 | IceCv    | Identified the +4 flail of the Intense God {protect, Str+3}
 27626 | Elf:2    | Paralysed by an air elemental for 1 turns
 27778 | Elf:1    | Reached skill level 13 in Invocations
 28064 | Elf:1    | Noticed Roxanne
 28093 | Elf:1    | Killed Roxanne
 28279 | Elf:1    | You pick up a book of Spatial Translocations and begin
                  | reading...
 28279 | Elf:1    | You add the spells Blink, Momentum Strike and Lesser
                  | Beckoning to your library.
 28579 | Elf:2    | Reached skill level 14 in Invocations
 28785 | Elf:2    | Reached skill level 14 in Shields
 29095 | Elf:2    | Identified the +3 quarterstaff of Feusout {elec, Dex+3}
 29330 | Elf:3    | Identified the "Afaseff"
 29330 | Elf:3    | Entered Level 3 of the Elven Halls
 29342 | Elf:3    | Reached skill level 15 in Invocations
 29390 | Elf:3    | Paralysed by an air elemental for 1 turns
 29404 | Elf:3    | Paralysed by an air elemental for 1 turns
 29408 | Elf:3    | Paralysed by an air elemental for 1 turns
 29627 | Elf:3    | Acquired a +0 barding of flying
 29650 | Elf:3    | You pick up a book of Storms and begin reading...
 29758 | Elf:3    | Received a gift from Okawaru
 29889 | Elf:3    | Reached skill level 16 in Invocations
 30175 | Elf:3    | Identified the +2 robe of Privacy {Str+2 Stlth+}
 30186 | Elf:3    | Received a gift from Okawaru
 30191 | Elf:3    | Noticed a Hell Sentinel
 30195 | Elf:3    | Reached skill level 15 in Shields
 30230 | Elf:3    | Identified the +2 great sword of Romunnaddat {flame, Int+6}
 30254 | Elf:3    | Reached XP level 20. HP: 148/199 MP: 29/29
 30439 | Elf:3    | Found the +3 warlock's mirror {omnireflect}
 30472 | Elf:3    | You pick up a book of Spectacle and begin reading...
 30472 | Elf:3    | You add the spells Volatile Blastmotes and Starburst to
                  | your library.
 30598 | Elf:3    | You pick up a book of Sloth and begin reading...
 30598 | Elf:3    | You add the spells Petrify and Metabolic Englaciation to
                  | your library.
 30599 | Elf:3    | Identified the +3 quarterstaff of the Witching Gods {flame,
                  | rCorr Int+4}
 30603 | Elf:3    | You add the spells Fulminant Prism and Enfeeble to your
                  | library.
 30605 | Elf:3    | You pick up a book of Minor Magic and begin reading...
 30608 | Elf:3    | You add the spells Gell's Gravitas, Teleport Other and
                  | Dispersal to your library.
 30610 | Elf:3    | Identified the +2 morningstar of Gin and Tonic {elec, rF+
                  | Int+2 Dex+3}
 30857 | Swamp:1  | Entered Level 1 of the Swamp
 31019 | Swamp:1  | Received a gift from Okawaru
 31063 | Swamp:1  | Reached skill level 17 in Fighting
 31432 | Swamp:1  | Identified the +1 robe of the Dwarven Hall {Dex+4}
 31882 | D:9      | Fell from the grace of Okawaru
 31882 | D:9      | Became a worshipper of Makhleb the Destroyer
 32026 | Swamp:2  | Noticed Louise
 32051 | Swamp:2  | Killed Louise
 32119 | Swamp:2  | Noticed Frances
 32128 | Swamp:2  | Killed Frances
 32904 | Swamp:3  | Identified the +10 war axe of Visiyrae {drain, *Slow Will+
                  | Dex+5}
 32989 | Swamp:3  | Found the +2 Maxwell's thermic engine {flame, freeze, rev}
 33142 | Swamp:3  | Reached * piety under Makhleb
 33173 | Swamp:3  | You pick up a book of Party Tricks and begin reading...
 33494 | Swamp:4  | Entered Level 4 of the Swamp
 33745 | Swamp:4  | Gained mutation: Your magical capacity is very low. (-20%
                  | MP) [a neqoxec]
 33918 | Swamp:4  | Reached ** piety under Makhleb
 34015 | Swamp:4  | Reached skill level 13 in Armour
 34103 | Swamp:4  | You add the spells Malign Gateway and Summon Horrible
                  | Things to your library.
 34109 | Swamp:4  | Gained mutation: Your magical capacity is extremely low.
                  | (-30% MP) [a neqoxec]
 34254 | Swamp:4  | Reached skill level 18 in Fighting
 34348 | Swamp:4  | Got a decaying rune of Zot
 34661 | Vaults:1 | Entered Level 1 of the Vaults
 34681 | Vaults:1 | Noticed Saint Roka
 34719 | Vaults:1 | Killed Saint Roka
 34729 | Vaults:1 | Reached *** piety under Makhleb
 35344 | Vaults:1 | Reached XP level 21. HP: 212/212 MP: 23/23
 35392 | Vaults:1 | Reached skill level 16 in Shields
 35532 | Vaults:1 | Reached **** piety under Makhleb
 35680 | Vaults:1 | Reached skill level 14 in Armour
 35776 | Vaults:2 | Found Ruppowk's Armour Shop.
 35970 | Vaults:2 | Identified the +7 falchion "Ciduf" {heavy, rF+ rC+ Dex+4}
 36164 | Vaults:2 | Reached ***** piety under Makhleb
 36553 | Vaults:2 | Reached skill level 17 in Shields
 36571 | Vaults:2 | Found a staircase to the Crypt.
 37336 | Vaults:3 | Reached skill level 15 in Armour
 37349 | Vaults:3 | Found Coowash's Assorted Antiques.
 37355 | Vaults:3 | Bought a scroll of blinking for 255 gold pieces
 37355 | Vaults:3 | Bought a scroll of fog for 136 gold pieces
 37465 | Vaults:3 | Found a crumbling gateway.
 37471 | Desolati | Entered the Desolation of Salt
 37517 | Desolati | Reached XP level 22. HP: 181/220 MP: 24/24
 37540 | Desolati | Found the +3 pair of seven-league boots {Rampage+∞}
 37544 | Desolati | Identified the ring "Earthly Heaven" {rF+ Str+5 Int+2
                  | Stlth+}
 37551 | Desolati | Identified the ring of Qiuguec {rN+ Slay+5}
 37555 | Desolati | You pick up a book of Beasts and begin reading...
 37555 | Desolati | You add the spells Summon Ice Beast, Summon Mana Viper and
                  | Monstrous Menagerie to your library.
 37694 | Desolati | Reached ****** piety under Makhleb
 37725 | Desolati | Identified the +10 short sword of Unpleasantness {holy,
                  | rN+}
 37728 | Desolati | Identified the amulet "Bumeqoaq" {rPois Regen+}
 37731 | Desolati | Identified the ring "Hecaruip" {rCorr Str+6}
 37735 | Desolati | Identified the ring "Newooc" {*Slow rElec Str+6 Int-5
                  | Dex+4}
 37854 | Desolati | Reached skill level 18 in Shields
 37871 | Desolati | Identified the +3 halberd of the Loving Saviour {drain,
                  | rElec}
 37874 | Desolati | Identified the +4 plate armour of Notrefug {Dex+4}
 37878 | Desolati | Identified the ring of Moup {Fly rPois rC- AC+4 Stlth-}
 37881 | Desolati | Identified the +7 trident "Futuly" {flame, SInv}
 37884 | Desolati | Identified the +5 morningstar of Gigrim {heavy, rF- Dex+5}
 37896 | Desolati | You pick up a book of Cantrips and begin reading...
 38114 | Desolati | Was forgiven by Okawaru
 38241 | Vaults:3 | Reached skill level 16 in Armour
 38587 | Vaults:3 | Reached skill level 19 in Fighting
 38720 | Vaults:3 | Noticed Sojobo
 38734 | Vaults:3 | Killed Sojobo
 39095 | Vaults:4 | Noticed Zenata
 39117 | Vaults:4 | Killed Zenata
 39363 | Vaults:4 | Reached skill level 20 in Fighting
 39366 | Vaults:4 | Reached skill level 1 in Shapeshifting
 39388 | Vaults:4 | Reached skill level 2 in Shapeshifting
 39505 | Vaults:4 | Reached skill level 3 in Shapeshifting
 39609 | Vaults:4 | Reached XP level 23. HP: 235/235 MP: 24/24
 39659 | Vaults:4 | Reached skill level 4 in Shapeshifting
 39750 | Vaults:4 | You add the spells Ignite Poison, Sticky Flame and Ignition
                  | to your library.
 39834 | Vaults:4 | Reached skill level 5 in Shapeshifting
 39976 | Vaults:5 | Entered Level 5 of the Vaults
 39989 | Vaults:5 | Reached skill level 6 in Shapeshifting
 40001 | Vaults:5 | Reached skill level 7 in Shapeshifting
 40018 | Vaults:5 | Reached skill level 8 in Shapeshifting
 40034 | Vaults:5 | Noticed an ancient lich
 40044 | Vaults:5 | Reached skill level 9 in Shapeshifting
 40062 | Vaults:5 | Killed an ancient lich
 40070 | Vaults:5 | Noticed a dread lich
 40076 | Vaults:5 | Reached skill level 10 in Shapeshifting
 40090 | Vaults:5 | Noticed a dread lich
 40091 | Vaults:5 | Killed a dread lich
 40095 | Vaults:5 | Noticed a golden dragon
 40102 | Vaults:5 | Reached skill level 11 in Shapeshifting
 40114 | Vaults:5 | Noticed a golden dragon
 40117 | Vaults:5 | Killed a golden dragon
 40121 | Vaults:5 | Killed a dread lich
 40129 | Vaults:5 | Killed a golden dragon
 40130 | Vaults:5 | Reached skill level 12 in Shapeshifting
 40135 | Vaults:5 | Identified the +1 flail of Fate {flame, Contam Int+4 Dex+4}
 40148 | Vaults:5 | +0 storm dragon scales {rare}; a storm dragon corpse
 40191 | Vaults:5 | Noticed an ancient lich
 40200 | Vaults:5 | Killed an ancient lich
 40268 | Vaults:5 | Reached XP level 24. HP: 234/244 MP: 24/24
 40447 | Vaults:5 | Reached skill level 13 in Shapeshifting
 40498 | Vaults:5 | Identified the +0 plate armour of Lolacwam {rElec rF+}
 40507 | Vaults:5 | Got a silver rune of Zot
 40521 | Vaults:5 | Identified the +4 leather armour "Jod Febretath" {rPois rN+
                  | Str-3 Stlth+}
 40679 | Vaults:5 | Acquired a manual of Shields
 40682 | Vaults:5 | Identified the +9 hand axe "Grim Tooth" {freeze, *Rage
                  | +Blink rF++ rC+}
 40729 | Vaults:5 | You pick up a book of the Wilderness and begin reading...
 40766 | Vaults:5 | You pick up a book of the Spheres and begin reading...
 40766 | Vaults:5 | You add the spells Brom's Barrelling Boulder, Iskenderun's
                  | Battlesphere, Fireball, Conjure Ball Lightning and Orb of
                  | Destruction to your library.
 40778 | Vaults:5 | You pick up a book of the Senses and begin reading...
 40780 | Vaults:5 | You pick up a book of Minor Magic and begin reading...
 40822 | Vaults:5 | You add the spells Sandblast and Shatter to your library.
 40823 | Vaults:5 | Identified the +7 double sword "Otoperor" {heavy, Str+3}
 40931 | Vaults:5 | You pick up a book of the Wilderness and begin reading...
 40935 | Vaults:5 | You pick up a book of the Tundra and begin reading...
 41579 | Zot:4    | Identified the "Ywyb"
 41579 | Slime:1  | Entered Level 1 of the Pits of Slime
 41605 | Slime:1  | You fall into a shaft and drop 1 floor!
 41607 | Slime:2  | Gained mutation: You are dopey. (Int -2) [a shining eye]
 41622 | Slime:2  | Gained mutation: You are clumsy. (Dex -2) [a shining eye]
 41623 | Slime:2  | Gained mutation: You are weak. (Str -2) [a shining eye]
 41624 | Slime:2  | Gained mutation: You are vulnerable to cold. (rC-) [a
                  | shining eye]
 41778 | Slime:5  | Identified the "Vesaan"
 41778 | Slime:5  | Identified the "Fagrifem"
 41778 | Slime:5  | Entered Level 5 of the Pits of Slime
 41809 | Slime:5  | Reached skill level 14 in Shapeshifting
 41883 | Slime:5  | Noticed the Royal Jelly
 41926 | Slime:5  | Killed the Royal Jelly
 41954 | Slime:5  | You pick up a book of the Hunter and begin reading...
 41955 | Slime:5  | Identified the +7 arbalest "Arous" {flame, Int+6}
 41972 | Slime:5  | Reached skill level 15 in Shapeshifting
 42030 | Slime:5  | Identified the +1 scale mail of Pragmatism {Harm rElec
                  | rN+++ Int+4 Slay-2}
 42038 | Slime:5  | Identified the +8 long sword "Penahia" {drain, Fly rPois
                  | rC+++ Int-3}
 42055 | Slime:5  | Identified the amulet "Ikhevax" {Faith Str+3}
 42067 | Slime:5  | Got a slimy rune of Zot
 42095 | Slime:5  | Gained mutation: Your body sometimes deteriorates upon
                  | taking damage. [a shining eye]
 42119 | Slime:5  | You add the spells Sting and Olgreb's Toxic Radiance to
                  | your library.
 42126 | Slime:5  | Identified the +1 leather armour "Zutunuq" {Int+2 Dex+3}
 42163 | Slime:5  | Gained mutation: Your body often deteriorates upon taking
                  | damage. [a shining eye]
 42164 | Slime:5  | Gained mutation: You are very vulnerable to cold. (rC--) [a
                  | shining eye]
 42166 | Slime:5  | Gained mutation: You sometimes lose your temper in combat.
                  | [a shining eye]
 42205 | Slime:5  | Identified the +2 robe of Dasmokant {rF+ Str+2}
 42220 | Slime:5  | Identified the +4 mace "Xidemei" {heavy, +Blink rF+ rN++
                  | Int-5}
 42224 | Slime:5  | Lost mutation: You are clumsy. (Dex -2) [potion of
                  | mutation]
 42224 | Slime:5  | Lost mutation: Your body often deteriorates upon taking
                  | damage. [potion of mutation]
 42224 | Slime:5  | Lost mutation: You are weak. (Str -2) [potion of mutation]
 42225 | Slime:5  | Lost mutation: Your magical capacity is extremely low.
                  | (-30% MP) [potion of mutation]
 42225 | Slime:5  | Lost mutation: Your body sometimes deteriorates upon taking
                  | damage. [potion of mutation]
 42225 | Slime:5  | Lost mutation: You have very sharp teeth. [potion of
                  | mutation]
 42225 | Slime:5  | Gained mutation: You are partially covered in iridescent
                  | scales. (AC +2) [potion of mutation]
 42225 | Slime:5  | Gained mutation: You have a pair of small antennae on your
                  | head. [potion of mutation]
 42226 | Slime:5  | Lost mutation: You have a pair of small antennae on your
                  | head. [potion of mutation]
 42226 | Slime:5  | Lost mutation: Your magical capacity is very low. (-20% MP)
                  | [potion of mutation]
 42226 | Slime:5  | Lost mutation: You sometimes lose your temper in combat.
                  | [potion of mutation]
 42226 | Slime:5  | Gained mutation: You are partially covered in large bone
                  | plates. (SH +4) [potion of mutation]
 43065 | Depths:1 | Entered Level 1 of the Depths
 43088 | Depths:1 | Found a portal to a secret trove of treasure.
 43148 | Depths:1 | Found a one-way gate leading to the halls of Pandemonium.
 43164 | Depths:1 | Found a magical portal.
 43164 | Depths:1 | Noticed Bai Suzhen
 43167 | Depths:1 | Noticed Norris
 43188 | Depths:1 | Killed Bai Suzhen
 43198 | Depths:1 | Killed Norris
 43211 | Depths:1 | You pick up a book of Misfortune and begin reading...
 43223 | WizLab   | Entered Wucad Mu's Monastery
 43463 | WizLab   | Found the crystal ball of Wucad Mu {*channel}
 43508 | WizLab   | Reached skill level 16 in Shapeshifting
 43508 | WizLab   | Reached XP level 25. HP: 222/252 MP: 31/31
 43523 | WizLab   | You pick up a book of Hexes and begin reading...
 43768 | Depths:1 | Found a gateway to Hell.
 43792 | Depths:1 | Acquired a +5 broad axe of flaming
 44271 | Depths:1 | Reached skill level 17 in Shapeshifting
 44300 | Depths:1 | Found a blossoming altar of Fedhas.
 44408 | Depths:1 | You paid a toll of +4 storm dragon scales to enter a
                  | treasure trove
 44409 | Trove    | Identified the "Zucs" (Sif Muna gifted it to you in a
                  | treasure trove)
 44409 | Trove    | Identified the "Yfateboc" (Sif Muna gifted it to you in a
                  | treasure trove)
 44409 | Trove    | Identified the "Gath" (Sif Muna gifted it to you in a
                  | treasure trove)
 44409 | Trove    | Entered a treasure trove
 44452 | Trove    | You add the spells Iskenderun's Mystic Blast and Haunt to
                  | your library.
 44826 | Depths:1 | Found a one-way gateway to a ziggurat.
 45051 | Tar:7    | Identified the "Uryjaomu"
 45051 | Tar:7    | Identified the of Tuebrut
 45051 | Tar:7    | Identified the "Vumnin"
 45051 | Tar:7    | Identified the "Fenaeq"
 45051 | Geh:7    | Identified the "Yrghiqae"
 45051 | Geh:7    | Identified the "Nekke"
 45051 | Geh:7    | Identified the "Kico"
 45051 | Zig:1    | Entered Level 1 of a ziggurat
 45072 | Zig:2    | Entered Level 2 of a ziggurat
 45090 | Zig:2    | Identified the +9 lajatang of Disintegration {antimagic,
                  | rF- rC+ Int+3}
 45109 | Zig:3    | Entered Level 3 of a ziggurat
 45110 | Zig:3    | Identified the +11 tower shield of the Shishi {Harm Int+3
                  | Dex+2}
 45127 | Zig:3    | Identified the ring of the Circus Animal {AC+4 Str+2}
 45131 | Zig:3    | You pick up a book of Death and begin reading...
 45174 | Zig:4    | Entered Level 4 of a ziggurat
 45209 | Zig:5    | Entered Level 5 of a ziggurat
 45270 | Zig:6    | Identified the "Jiank"
 45270 | Zig:6    | Entered Level 6 of a ziggurat
 45275 | Zig:6    | Noticed Ymumm the pandemonium lord
 45297 | Zig:6    | Reached XP level 26. HP: 149/261 MP: 31/31
 45305 | Zig:6    | Killed Ymumm the pandemonium lord
 45429 | Zig:6    | Reached skill level 18 in Shapeshifting
 45429 | Zig:6    | Reached XP level 27. HP: 252/268 MP: 31/31
 45452 | Zig:7    | Entered Level 7 of a ziggurat
 45467 | Zig:7    | HP: 64/268 [something (10)]
 45467 | Zig:7    | HP: 28/268 [torment (20)]
 45472 | Depths:1 | HP: 48/265 [poisoned by an ushabti (dark miasma)]
 46029 | Depths:2 | Noticed a juggernaut
 46044 | Depths:2 | Killed a juggernaut
 46066 | Depths:2 | Noticed Mara
 46074 | Depths:2 | Noticed MackTheKnife's illusion
 46078 | Depths:2 | Reached skill level 19 in Shapeshifting
 46129 | Depths:2 | Killed Mara
 46234 | Depths:2 | Identified the +0 falchion of Recklessness {spect, rC+}
 46280 | Depths:2 | You pick up a book of Displacement and begin reading...
 46515 | Depths:2 | Found a blossoming altar of Fedhas.
 46762 | Depths:2 | Identified the +2 helmet of the Enchanted Forest {Str+3
                  | Dex+3 Slay+3}
 47461 | Depths:3 | Reached skill level 20 in Shapeshifting
 47800 | Depths:3 | Identified the +5 great sword "Ycwautz" {freeze, Will+}
 47800 | Depths:3 | Identified the ring "Muittem" {Wiz rElec rF+++ Dex+3
                  | Stlth-}
 47927 | Depths:3 | Reached skill level 21 in Shapeshifting
 47939 | Depths:3 | Identified the +0 chain mail of Disguise {rC+}
 48046 | Depths:3 | Found a one-way gate to the infinite horrors of the Abyss.
 48385 | Depths:3 | Identified the staff "Oniuhitt" {rPois Str+3 Poison}
 48894 | Depths:4 | Entered Level 4 of the Depths
 48894 | Depths:4 | Noticed a caustic shrike
 48894 | Depths:4 | Noticed a caustic shrike
 48895 | Depths:4 | Noticed a caustic shrike
 48899 | Depths:4 | Killed a caustic shrike
 48900 | Depths:4 | Noticed a caustic shrike
 48901 | Depths:4 | Killed a caustic shrike
 48905 | Depths:4 | Killed a caustic shrike
 48909 | Depths:4 | Killed a caustic shrike
 49139 | Depths:4 | Noticed Vv
 49171 | Depths:4 | Killed Vv
 49172 | Depths:4 | Reached skill level 22 in Shapeshifting
 49396 | Depths:4 | Found a gate to the Realm of Zot.
 50026 | Depths:4 | +0 shadow dragon scales {rare}; a +0 glaive of flaming
                  | {polearm}
 50036 | Zot:1    | Entered Level 1 of the Realm of Zot
 50281 | Crypt:1  | Entered Level 1 of the Crypt
 50451 | Crypt:1  | Reached skill level 23 in Shapeshifting
 50452 | Crypt:1  | You pick up a book of Changes and begin reading...
 50452 | Crypt:1  | You add the spells Wereblood and Irradiate to your library.
 50982 | Crypt:2  | Reached skill level 9 in Dodging
 51292 | Crypt:2  | Reached skill level 10 in Dodging
 51297 | Crypt:2  | Reached skill level 19 in Shields
 51465 | Crypt:2  | Identified the +5 leather armour "Dottionn" {Int+2 Dex+3}
 51582 | Crypt:2  | Noticed a curse skull
 51593 | Crypt:2  | Killed a curse skull
 51890 | Crypt:1  | Noticed a curse skull
 51905 | Crypt:1  | Killed a curse skull
 51931 | Crypt:1  | Noticed a curse skull
 51948 | Crypt:1  | Killed a curse skull
 51949 | Crypt:1  | Reached skill level 11 in Dodging
 51955 | Crypt:1  | Found the +8 arc blade {discharge, rElec}
 51967 | Crypt:1  | Identified the +5 quick blade "Lyadgh" {pain, rPois SInv}
 52012 | Crypt:1  | Identified the +5 dagger of Dawn {heavy, rElec rC- Int+3
                  | Dex+7}
 52049 | Crypt:3  | Entered Level 3 of the Crypt
 52163 | Crypt:3  | Identified the +0 halberd of Doom {drain, Str+3}
 52243 | Crypt:3  | Found an ancient bone altar of Kikubaaqudgha.
 52352 | Crypt:3  | Reached skill level 20 in Shields
 52412 | Crypt:3  | Noticed an ancient lich
 52426 | Crypt:3  | Killed an ancient lich
 52427 | Crypt:3  | Reached skill level 12 in Dodging
 52429 | Crypt:3  | Identified the ring of the Pariah {rPois rC- EV+5 Dex+3}
 52449 | Crypt:3  | Identified the staff of Myriss {rC+ rN+ Str+6 SInv Conj}
 52453 | Crypt:3  | Identified the staff "Zepiekaree" {rElec rF+ rN+ Str+6
                  | Dex-3 Necro}
 52847 | Crypt:3  | Noticed a curse skull
 52855 | Crypt:3  | Killed a curse skull
 52867 | Crypt:3  | Noticed a curse skull
 52878 | Crypt:3  | Killed a curse skull
 52879 | Crypt:3  | Reached skill level 13 in Dodging
 52933 | Crypt:3  | You add the spells Sublimation of Blood and Cigotuvi's
                  | Dreadful Rot to your library.
 53238 | Crypt:3  | Found a staircase to the Tomb.
 53246 | Crypt:3  | Reached skill level 21 in Shields
 53945 | Zot:1    | Noticed an electric golem
 53959 | Zot:1    | Killed an electric golem
 53987 | Zot:1    | Found a glowing golden altar of the Shining One.
 54094 | Zot:1    | Noticed an electric golem
 54146 | Zot:1    | Killed an electric golem
 54147 | Zot:1    | Reached skill level 14 in Dodging
 54216 | Zot:1    | Identified the +6 mace of Purpose {heavy, *Rage Int+3 SInv}
 54251 | Zot:1    | Identified the +2 pair of gloves of the Solstice {rN+ Will+
                  | Str+3}
 54273 | Zot:1    | Found a radiant altar of Vehumet.
 54522 | Zot:2    | Noticed an electric golem
 54551 | Zot:2    | Killed an electric golem
 54724 | Zot:2    | Identified +0 gold dragon scales
 54726 | Zot:2    | +0 gold dragon scales {rare}; a golden dragon corpse
 54752 | Zot:2    | Reached skill level 22 in Shields
 54771 | Zot:2    | Reached skill level 15 in Dodging
 54781 | Zot:2    | Identified the +3 double sword "Dedunusm" {flame, rPois
                  | Dex+3}
 54844 | Zot:2    | Identified the +2 double sword "Rassow" {heavy, Fragile
                  | rC++ Will+}
 54851 | Zot:2    | Identified the +4 double sword "Arhoigao" {freeze, Str+4}
 55393 | Zot:3    | Reached skill level 16 in Dodging
 55593 | Zot:3    | Reached skill level 23 in Shields
 55966 | Zot:3    | You pick up a book of Displacement and begin reading...
 56525 | Zot:4    | +0 storm dragon scales {rare}; a storm dragon corpse
 56602 | Zot:4    | Reached skill level 21 in Fighting
 56772 | Zot:4    | +0 storm dragon scales {rare}; a storm dragon skeleton
 56778 | Zot:4    | Noticed a curse toe
 56789 | Zot:4    | Killed a curse toe
 57007 | Zot:4    | Identified +0 gold dragon scales
 57012 | Zot:4    | +0 gold dragon scales {rare}; a golden dragon corpse
 57034 | Zot:4    | Noticed an electric golem
 57071 | Zot:4    | Killed an electric golem
 57104 | Zot:4    | Reached skill level 22 in Fighting
 57573 | Zot:5    | Entered Level 5 of the Realm of Zot
 57862 | Zot:5    | Found the +4 dragonskin cloak
 57862 | Zot:5    | Tiamat, Avatar of the Dragonlord comes into view. She is
                  | wielding a +2 demon trident of draining and wearing the +4
                  | dragonskin cloak.
 57862 | Zot:5    | Noticed Tiamat
 57887 | Zot:5    | Killed Tiamat
 57967 | Zot:5    | Reached skill level 23 in Fighting
 58017 | Zot:5    | Noticed an ancient lich
 58019 | Zot:5    | Noticed an orb of fire
 58022 | Zot:5    | Killed an ancient lich
 58034 | Zot:5    | Killed an orb of fire
 58050 | Zot:5    | Noticed an electric golem
 58056 | Zot:5    | Killed an electric golem
 58138 | Zot:5    | Noticed an orb of fire
 58148 | Zot:5    | Killed an orb of fire
 58149 | Zot:5    | Reached skill level 24 in Fighting
 58154 | Zot:5    | Noticed an ancient lich
 58161 | Zot:5    | Killed an ancient lich
 58171 | Zot:5    | a Killer Klown changed into a juggernaut
 58171 | Zot:5    | Noticed a juggernaut
 58184 | Zot:5    | Killed a juggernaut
 58185 | Zot:5    | Noticed a curse toe
 58196 | Zot:5    | Killed a curse toe
 58204 | Zot:5    | Noticed a dread lich
 58277 | Zot:5    | Noticed an electric golem
 58290 | Zot:5    | Killed an electric golem
 58434 | Zot:5    | Killed a dread lich
 58447 | Zot:5    | Noticed an electric golem
 58488 | Zot:5    | Reached skill level 25 in Fighting
 58493 | Zot:5    | Killed an electric golem
 58934 | Zot:5    | quicksilver dragon scales {rare}; a +2 demon trident of
                  | draining {polearm}
 59108 | Depths:3 | Voluntarily entered the Abyss.
 59108 | Abyss:1  | Identified the "Vazoh"
 59171 | Abyss:1  | Found a corrupted altar of Lugonu.
 59218 | Abyss:1  | Found a corrupted altar of Lugonu.
 59457 | Abyss:2  | Identified the "Eparurhu"
 59482 | Abyss:2  | Identified the amulet of Moodiness {RegenMP rF+ SInv}
 59488 | Abyss:2  | You pick up a book of the Wilderness and begin reading...
 59505 | Abyss:2  | Found a shimmering blue altar of Sif Muna.
 59646 | Abyss:2  | Noticed an ancient lich
 59658 | Abyss:2  | Killed an ancient lich
 59830 | Abyss:2  | Reached skill level 19 in Axes
 60026 | Abyss:3  | Paralysed by accursed screaming for 1 turns
 60067 | Abyss:3  | Found a corrupted altar of Lugonu.
 60110 | Abyss:3  | Found a corrupted altar of Lugonu.
 60328 | Abyss:3  | Reached skill level 26 in Fighting
 60328 | Abyss:3  | Reached skill level 20 in Axes
 60359 | Abyss:3  | Got an abyssal rune of Zot
 60391 | Depths:3 | You pass through the gate.
 60391 | Depths:3 | Escaped the Abyss
 61627 | Depths:1 | magus.rc [v1.9.6]
 61628 | Pan      | Entered Pandemonium
 61897 | Pan      | magus.rc [v1.9.6]
 61909 | Pan      | Reached skill level 21 in Axes
 61910 | Pan      | magus.rc [v1.9.6]
 61925 | Pan      | Noticed Jirchan the pandemonium lord
 61942 | Pan      | Killed Jirchan the pandemonium lord
 62006 | Pan      | Noticed Moerchar the pandemonium lord
 62021 | Pan      | Killed Moerchar the pandemonium lord
 62061 | Pan      | Reached skill level 17 in Invocations
 62387 | Pan      | Noticed Otwu the pandemonium lord
 62394 | Pan      | Killed Otwu the pandemonium lord
 62404 | Pan      | Reached skill level 18 in Invocations
 62434 | Pan      | Paralysed by accursed screaming for 1 turns
 62498 | Pan      | Noticed Nepaclir the pandemonium lord
 62508 | Pan      | Killed Nepaclir the pandemonium lord
 62564 | Pan      | Reached skill level 19 in Invocations
 62663 | Pan      | You pick up a book of Flames and begin reading...
 62780 | Pan      | Noticed Yggilem the pandemonium lord
 62785 | Pan      | Killed Yggilem the pandemonium lord
 62811 | Pan      | Entered the realm of Mnoleg.
 62815 | Pan      | Identified the +1 robe "Zeacsafa" {Will- Dex+4}
 62859 | Pan      | You pick up a book of Necromancy and begin reading...
 62917 | Pan      | Reached skill level 20 in Invocations
 63276 | Pan      | Noticed Mnoleg
 63290 | Pan      | Killed Mnoleg
 63310 | Pan      | Got a glowing rune of Zot
 63368 | Pan      | Reached skill level 21 in Invocations
 63397 | Pan      | Found an exit through the horrors of the Abyss.
 63674 | Pan      | Noticed Luatoa the pandemonium lord
 63684 | Pan      | Killed Luatoa the pandemonium lord
 63931 | Pan      | Noticed Huff the pandemonium lord
 63943 | Pan      | Reached skill level 22 in Invocations
 63950 | Pan      | Killed Huff the pandemonium lord
 63953 | Pan      | Lost intelligence.
 63967 | Pan      | HP: 65/296 [demonspawn black sun/dispel undead (53)]
 64261 | Pan      | Identified the +3 battleaxe of Oqozex {freeze, Will+ Str+2
                  | Int-4}
 64373 | Pan      | You pick up a book of the Hunter and begin reading...
 64475 | Pan      | Lost intelligence.
 64847 | Pan      | Reached skill level 23 in Invocations
 64900 | Pan      | Found an exit through the horrors of the Abyss.
 64939 | Pan      | You pick up a book of Dreams and begin reading...
 65010 | Pan      | Identified the "Meqothri"
 65014 | Pan      | Identified the +5 ring mail of Incorporation {Will- Regen+
                  | MP+9}
 65040 | Pan      | Found a transporter.
 65232 | Pan      | Found a transporter.
 65770 | Pan      | Reached skill level 24 in Invocations
 65826 | Pan      | Identified the amulet of Reyleo {Reflect rElec Str+3 SH+5}
 65855 | Pan      | Identified the ring of Dizontec {Fly rC- rCorr Stlth+}
 66115 | Pan      | Noticed Xefukag the pandemonium lord
 66121 | Pan      | Killed Xefukag the pandemonium lord
 66122 | Pan      | Reached skill level 25 in Invocations
 66529 | Pan      | Found an exit through the horrors of the Abyss.
 66742 | Pan      | Identified the "Jaric"
 66768 | Pan      | Noticed Usiosa the pandemonium lord
 66784 | Pan      | Lost intelligence.
 66791 | Pan      | Killed Usiosa the pandemonium lord
 66792 | Pan      | Reached skill level 26 in Invocations
 66813 | Pan      | HP: 55/296 [hellion/damnation (23)]
 66818 | Pan      | HP: 45/296 [hellion/damnation (25)]
 66819 | Pan      | HP: 20/296 [hellion/damnation (31)]
 66939 | Pan      | magus.rc [v1.9.6]
 67149 | Pan      | magus.rc [v1.9.6]
 67262 | Pan      | Found an exit through the horrors of the Abyss.
 67320 | Pan      | Took an exit into the Abyss.
 67320 | Abyss:3  | You pass through the gate.
 67320 | Abyss:3  | Escaped into the Abyss
 67332 | Depths:1 | You pass through the gate.
 67332 | Depths:1 | Escaped the Abyss
 67618 | Tomb:1   | Entered Level 1 of the Tomb of the Ancients
 67773 | Tomb:1   | Reached skill level 27 in Invocations
 67989 | Tomb:1   | Noticed a royal mummy
 67996 | Tomb:1   | Killed a royal mummy
 67997 | Tomb:1   | Reached skill level 27 in Fighting
 68142 | Tomb:1   | Noticed a royal mummy
 68155 | Tomb:1   | Killed a royal mummy
 68457 | Tomb:2   | Noticed a royal mummy
 68457 | Tomb:2   | Noticed a royal mummy
 68471 | Tomb:2   | Killed a royal mummy
 68487 | Tomb:2   | Reached skill level 17 in Armour
 68487 | Tomb:2   | Noticed a royal mummy
 68488 | Tomb:2   | Noticed a royal mummy
 68494 | Tomb:2   | Killed a royal mummy
 68500 | Tomb:2   | Killed a royal mummy
 68511 | Tomb:2   | Killed a royal mummy
 68794 | Tomb:1   | Noticed a royal mummy
 68796 | Tomb:1   | Noticed a royal mummy
 68806 | Tomb:1   | Killed a royal mummy
 68810 | Tomb:1   | Killed a royal mummy
 68834 | Tomb:1   | Noticed a royal mummy
 68842 | Tomb:1   | Killed a royal mummy
 68843 | Tomb:1   | Noticed a royal mummy
 68851 | Tomb:1   | Killed a royal mummy
 68865 | Tomb:1   | Noticed a royal mummy
 68875 | Tomb:1   | Noticed a royal mummy
 68877 | Tomb:1   | Killed a royal mummy
 68883 | Tomb:1   | Killed a royal mummy
 68898 | Tomb:1   | Noticed a royal mummy
 68905 | Tomb:1   | Killed a royal mummy
 68905 | Tomb:1   | Noticed a royal mummy
 68906 | Tomb:1   | Reached skill level 18 in Armour
 68913 | Tomb:1   | Killed a royal mummy
 68921 | Tomb:1   | Noticed a royal mummy
 68931 | Tomb:1   | Killed a royal mummy
 68941 | Tomb:1   | Noticed a royal mummy
 68944 | Tomb:1   | Noticed a royal mummy
 68947 | Tomb:1   | Noticed a royal mummy
 68948 | Tomb:1   | Killed a royal mummy
 68949 | Tomb:1   | Noticed a royal mummy
 68953 | Tomb:1   | Killed a royal mummy
 68955 | Tomb:1   | Noticed a royal mummy
 68962 | Tomb:1   | Noticed a royal mummy
 68969 | Tomb:1   | Noticed a royal mummy
 68970 | Tomb:1   | Killed a royal mummy
 68972 | Tomb:1   | Killed a royal mummy
 68977 | Tomb:1   | Noticed a royal mummy
 68979 | Tomb:1   | Killed a royal mummy
 68984 | Tomb:1   | Killed a royal mummy
 68994 | Tomb:1   | Killed a royal mummy
 69001 | Tomb:1   | Killed a royal mummy
 69350 | Tomb:2   | magus.rc [v1.9.6]
 69359 | Tomb:2   | Lost mutation: You are partially covered in large bone
                  | plates. (SH +4) [potion of mutation]
 69359 | Tomb:2   | Lost mutation: Your magical capacity is low. (-10% MP)
                  | [potion of mutation]
 69359 | Tomb:2   | Lost mutation: You are partially covered in iridescent
                  | scales. (AC +2) [potion of mutation]
 69359 | Tomb:2   | Gained mutation: You have hidden genetic defects. [potion
                  | of mutation]
 69359 | Tomb:2   | Gained mutation: You occasionally lose the ability to read
                  | scrolls when taking damage. [potion of mutation]
 69359 | Tomb:2   | Lost mutation: You have hidden genetic defects. [potion of
                  | mutation]
 69360 | Tomb:2   | Lost mutation: You are very vulnerable to cold. (rC--)
                  | [potion of mutation]
 69360 | Tomb:2   | Lost mutation: Your spells are a little harder to cast, but
                  | a little more powerful. [potion of mutation]
 69360 | Tomb:2   | Gained mutation: You are very dopey. (Int -4) [potion of
                  | mutation]
 69360 | Tomb:2   | Gained mutation: Your tail ends in a venomous barb. [potion
                  | of mutation]
 69361 | Tomb:2   | Lost mutation: You occasionally lose the ability to read
                  | scrolls when taking damage. [potion of mutation]
 69361 | Tomb:2   | Lost mutation: Your tail ends in a venomous barb. [potion
                  | of mutation]
 69361 | Tomb:2   | Lost mutation: You are vulnerable to cold. (rC-) [potion of
                  | mutation]
 69361 | Tomb:2   | Gained mutation: You are frail. (-10% HP) [potion of
                  | mutation]
 69361 | Tomb:2   | Gained mutation: You can exhale a cloud of poison. [potion
                  | of mutation]
 69361 | Tomb:2   | Gained mutation: Your movements are slightly less
                  | encumbered by armour. (ER -2) [potion of mutation]
 69362 | Tomb:2   | Lost mutation: You are frail. (-10% HP) [potion of
                  | mutation]
 69362 | Tomb:2   | Lost mutation: You are very dopey. (Int -4) [potion of
                  | mutation]
 69362 | Tomb:2   | Gained mutation: Your spells are a little easier to cast,
                  | but a little less powerful. [potion of mutation]
 69362 | Tomb:2   | Gained mutation: You expend magic power (3 MP) to
                  | strengthen your wands. [potion of mutation]
 69362 | Tomb:2   | Lost mutation: You are dopey. (Int -2) [potion of mutation]
 69412 | Tomb:3   | Entered Level 3 of the Tomb of the Ancients
 69414 | Tomb:3   | magus.rc [v1.9.6]
 69441 | Tomb:3   | Reached skill level 19 in Armour
 69455 | Tomb:3   | Noticed a royal mummy
 69474 | Tomb:3   | Noticed a royal mummy
 69480 | Tomb:3   | Noticed a royal mummy
 69481 | Tomb:3   | Noticed a royal mummy
 69489 | Tomb:3   | Noticed Khufu
 69491 | Tomb:3   | Noticed a royal mummy
 69500 | Tomb:3   | Killed Khufu
 69502 | Tomb:3   | Noticed a royal mummy
 69506 | Tomb:3   | Noticed a royal mummy
 69508 | Tomb:3   | Killed a royal mummy
 69508 | Tomb:3   | Noticed a royal mummy
 69511 | Tomb:3   | Killed a royal mummy
 69967 | Tomb:3   | Found the -2 hat of the Alchemist {rElec rPois rF+ rC+ rN+
                  | Will+ rMut rCorr}
 69986 | Tomb:3   | Reached skill level 20 in Armour
 69991 | Tomb:3   | Killed a royal mummy
 70003 | Tomb:3   | Killed a royal mummy
 70005 | Tomb:3   | Killed a royal mummy
 70031 | Tomb:3   | Killed a royal mummy
 70037 | Tomb:3   | Killed a royal mummy
 70046 | Tomb:3   | Killed a royal mummy
 70067 | Tomb:3   | Identified the ring of the Wizarding Gods {MP+9 Int+3}
 70070 | Tomb:3   | Identified the ring "Ageixzaucw" {rPois Int+6}
 70073 | Tomb:3   | Identified the ring "Ryh Nema" {rPois Str+4 Int+4}
 70127 | Tomb:3   | Identified the +5 trident of the Tooth {freeze, SInv}
 70166 | Tomb:3   | Got a golden rune of Zot
 70260 | Tomb:3   | Identified the +3 hand axe of the Firefly {flame, rPois
                  | rCorr}
 70355 | Tomb:3   | You pick up a book of Chaos and begin reading...
 70930 | Pan      | Entered Pandemonium
 71386 | Pan      | Entered the realm of Lom Lobon.
 71386 | Pan      | Noticed Lom Lobon
 71463 | Pan      | Killed Lom Lobon
 71464 | Pan      | Reached skill level 22 in Axes
 71486 | Pan      | Got a magical rune of Zot
 72109 | Depths:1 | You pass through the gate.
 72109 | Depths:1 | Escaped Pandemonium
 72113 | Depths:1 | Reached skill level 23 in Axes
 72114 | Pan      | Entered Pandemonium
 72236 | Pan      | magus.rc [v1.9.6]
 72306 | Depths:1 | You pass through the gate.
 72306 | Depths:1 | Escaped Pandemonium
 72308 | Pan      | Entered the realm of Gloorx Vloq.
 72308 | Pan      | Entered Pandemonium
 72520 | Pan      | You pick up a book of the Wilderness and begin reading...
 72736 | Pan      | Noticed a curse skull
 72739 | Pan      | Noticed Gloorx Vloq
 72740 | Pan      | Killed a curse skull
 72756 | Pan      | Killed Gloorx Vloq
 72757 | Pan      | Reached skill level 24 in Axes
 72766 | Pan      | Noticed a curse skull
 72777 | Pan      | Killed a curse skull
 72782 | Pan      | magus.rc [v1.9.6]
 72814 | Pan      | Got a dark rune of Zot
 72988 | Pan      | Identified the of Iven
 73046 | Pan      | Noticed Fiar the pandemonium lord
 73055 | Pan      | Killed Fiar the pandemonium lord
 73100 | Pan      | Reached skill level 25 in Axes
 73129 | Pan      | Found a runed translucent door.
 73143 | Pan      | Got a demonic rune of Zot
 73154 | Pan      | Identified the of Gocuhosi
 73154 | Pan      | Entered the realm of Cerebov.
 73378 | Pan      | Identified the +0 chain mail of the Serpent {Fly Int+2
                  | Slay+5}
 73465 | Pan      | Identified the granite talisman of Losuvof {SInv}
 73508 | Pan      | Found the +6 sword of Cerebov {flame}
 73508 | Pan      | Noticed Cerebov
 73508 | Pan      | Cerebov, Demon Lord of Fire and Steel comes into view. They
                  | are wielding the +6 sword of Cerebov {flame}.
 73522 | Pan      | Identified the +0 great sword of Meutinue {protect, rC+
                  | Str+4 Int+2}
 73532 | Pan      | Killed Cerebov
 73795 | Pan      | Identified the +8 long sword of the Past {vamp, rF- rC-
                  | Int+6}
 73824 | Pan      | Identified the +5 dagger "Sayghurph" {antimagic, Str+4
                  | Dex-2 SInv}
 73843 | Pan      | Identified the +0 demon blade "Petann" {pain, rElec rC-
                  | rN+++ Stlth-}
 73847 | Pan      | You pick up a book of Spatial Translocations and begin
                  | reading...
 73866 | Pan      | You pick up a book of Beasts and begin reading...
 73901 | Pan      | Identified the ring of Fogoq {AC+4 Dex+4}
 73932 | Pan      | Got a fiery rune of Zot
 73996 | Pan      | Found an exit through the horrors of the Abyss.
 74008 | Pan      | Took an exit into the Abyss.
 74008 | Abyss:3  | You pass through the gate.
 74008 | Abyss:3  | Escaped into the Abyss
 74013 | Depths:1 | You pass through the gate.
 74013 | Depths:1 | Escaped the Abyss
 74047 | Hell     | Entered the Vestibule of Hell
 74047 | Hell     | Noticed Geryon
 74063 | Hell     | Killed Geryon
 74065 | Hell     | Reached skill level 26 in Axes
 74095 | Hell     | Reached skill level 24 in Shields
 74098 | Hell     | Noticed Murray
 74110 | Hell     | Killed Murray
 74155 | Hell     | Found a gateway to the ashen valley of Gehenna.
 74181 | Geh:1    | Entered Level 1 of Gehenna
 74278 | Geh:2    | Noticed a dread lich
 74278 | Geh:2    | Noticed an ancient lich
 74278 | Geh:2    | Noticed an ancient lich
 74286 | Geh:2    | Killed an ancient lich
 74289 | Geh:2    | Killed an ancient lich
 74290 | Geh:2    | Reached skill level 25 in Shields
 74290 | Geh:2    | Killed a dread lich
 74530 | Geh:4    | Reached skill level 27 in Axes
 74714 | Geh:6    | Reached skill level 26 in Shields
 74925 | Geh:7    | Entered Level 7 of Gehenna
 75187 | Geh:7    | Identified the +5 dagger of Qonoiwn {freeze, rPois rC++
                  | Str-3}
 75239 | Geh:7    | Noticed an ancient lich
 75246 | Geh:7    | Killed an ancient lich
 75425 | Geh:7    | Reached skill level 27 in Shields
 75918 | Geh:7    | Identified the ring "Yjempe" {rC+ Will+ Int+4}
 75920 | Geh:7    | Identified the ring "Ciola" {rPois rC+ rN+ Str+2 Stlth+}
 76022 | Geh:7    | Found the +13 sceptre of Asmodeus
 76022 | Geh:7    | Noticed Asmodeus
 76022 | Geh:7    | Asmodeus is wielding the +13 sceptre of Asmodeus.
 76025 | Geh:7    | Here: Asmodeus, wielding the +13 sceptre of Asmodeus
                  | (surrounded by flames)
 76036 | Geh:7    | Killed Asmodeus
 76037 | Geh:7    | Reached skill level 21 in Armour
 76104 | Geh:7    | Identified the ring "Heuhamp" {*Slow rN++ Dex+6}
 76116 | Geh:7    | You pick up a book of Sloth and begin reading...
 76134 | Geh:7    | Identified the scarf of Gehenna {repulsion, +Inv rElec
                  | rPois}
 76143 | Geh:7    | Identified the amulet of Joezi {rPois rF+ Regen+}
 76162 | Geh:7    | Got an obsidian rune of Zot
 76862 | Hell     | Found a gateway to the freezing wastes of Cocytus.
 76930 | Coc:1    | Entered Level 1 of Cocytus
 77065 | Coc:4    | Paralysed by a wendigo for 1 turns
 77085 | Coc:4    | Reached skill level 22 in Armour
 77096 | Coc:4    | Paralysed by a wendigo for 1 turns
 77263 | Coc:6    | Reached skill level 23 in Armour
 77520 | Coc:7    | Entered Level 7 of Cocytus
 77646 | Coc:7    | Paralysed by a wendigo for 1 turns
 77662 | Coc:7    | Paralysed by a wendigo for 1 turns
 77672 | Coc:7    | Paralysed by a wendigo for 1 turns
 77688 | Coc:7    | Paralysed by a wendigo for 1 turns
 77691 | Coc:7    | Paralysed by a wendigo for 1 turns
 77707 | Coc:7    | Paralysed by a wendigo for 1 turns
 77711 | Coc:7    | Paralysed by a wendigo for 1 turns
 77719 | Coc:7    | Paralysed by a wendigo for 1 turns
 77802 | Coc:7    | Reached skill level 24 in Armour
 77806 | Coc:7    | Identified the +7 great mace "Mesmadum" {holy, rF++ rCorr
                  | Dex+3 SInv}
 77881 | Coc:7    | Identified the +0 scale mail of Fefur {Str+3 Dex+3}
 77886 | Coc:7    | You pick up a book of Necromancy and begin reading...
 77894 | Coc:7    | Identified the +3 orcbow of Turmoil {drain, +Blink Int+4}
 78023 | Coc:7    | Paralysed by a wendigo for 1 turns
 78195 | Coc:7    | Noticed Antaeus
 78210 | Coc:7    | Killed Antaeus
 78217 | Coc:7    | Identified the +4 ring mail of the Thunderstorm {Fly rC+
                  | Int+3}
 78221 | Coc:7    | Got an icy rune of Zot
 78227 | Coc:7    | You pick up a book of Party Tricks and begin reading...
 78322 | Hell     | Found a gateway to the decaying netherworld of Tartarus.
 78331 | Tar:1    | Entered Level 1 of Tartarus
 78355 | Tar:1    | Reached skill level 25 in Armour
 78417 | Tar:2    | Noticed a dread lich
 78430 | Tar:2    | Killed a dread lich
 78675 | Tar:3    | You are sucked into a shaft and drop 1 floor!
 78871 | Tar:5    | Reached skill level 26 in Armour
 79086 | Tar:7    | Entered Level 7 of Tartarus
 79404 | Tar:7    | Reached skill level 27 in Armour
 79455 | Tar:7    | Reached skill level 17 in Dodging
 79489 | Tar:7    | Noticed Ereshkigal
 79508 | Tar:7    | Killed Ereshkigal
 79531 | Tar:7    | You pick up a book of Spatial Translocations and begin
                  | reading...
 79533 | Tar:7    | You pick up a book of Winter and begin reading...
 79537 | Tar:7    | Identified the staff of Plague {Will+ Str-2 Int+3 Dex+5
                  | Conj}
 79541 | Tar:7    | Got a bone rune of Zot
 79545 | Tar:7    | Identified the +0 trident "Bogix" {heavy, Contam rPois rC++
                  | Int+2}
 79549 | Tar:7    | Identified the +2 pair of boots of Music {Str-3 Dex+2
                  | Slay+3 SInv}
 79550 | Tar:7    | Identified the +9 trident of Kuhociel {vamp, +Blink MP+9}
 79739 | Hell     | Found a gateway to the Iron City of Dis.
 79745 | Hell     | Reached skill level 18 in Dodging
 79752 | Dis:1    | Entered Level 1 of the Iron City of Dis
 79782 | Dis:1    | You are sucked into a shaft and drop 1 floor!
 79814 | Dis:2    | Noticed a caustic shrike
 79814 | Dis:2    | Noticed a caustic shrike
 79814 | Dis:2    | Noticed a caustic shrike
 79815 | Dis:2    | Noticed a caustic shrike
 79815 | Dis:2    | Noticed a caustic shrike
 79822 | Dis:2    | Killed a caustic shrike
 79824 | Dis:2    | Killed a caustic shrike
 79825 | Dis:2    | Killed a caustic shrike
 79825 | Dis:2    | Killed a caustic shrike
 79836 | Dis:2    | Killed a caustic shrike
 79869 | Dis:2    | Noticed a caustic shrike
 79869 | Dis:2    | Noticed a caustic shrike
 79869 | Dis:2    | Noticed a caustic shrike
 79869 | Dis:2    | Noticed a caustic shrike
 79869 | Dis:2    | Noticed a caustic shrike
 79872 | Dis:2    | Killed a caustic shrike
 79877 | Dis:2    | Killed a caustic shrike
 79881 | Dis:2    | Killed a caustic shrike
 79884 | Dis:2    | Killed a caustic shrike
 79886 | Dis:2    | Killed a caustic shrike
 80016 | Dis:3    | Reached skill level 19 in Dodging
 80117 | Dis:5    | Noticed a caustic shrike
 80117 | Dis:5    | Noticed a caustic shrike
 80117 | Dis:5    | Noticed a caustic shrike
 80117 | Dis:5    | Noticed a caustic shrike
 80118 | Dis:5    | Noticed a caustic shrike
 80122 | Dis:5    | Killed a caustic shrike
 80127 | Dis:5    | Killed a caustic shrike
 80130 | Dis:5    | Killed a caustic shrike
 80133 | Dis:5    | Killed a caustic shrike
 80134 | Dis:5    | Killed a caustic shrike
 80135 | Dis:5    | Reached skill level 20 in Dodging
 80266 | Dis:7    | Entered Level 7 of the Iron City of Dis
 80267 | Dis:7    | Noticed a caustic shrike
 80315 | Dis:7    | Noticed a caustic shrike
 80321 | Dis:7    | Killed a caustic shrike
 80344 | Dis:7    | Killed a caustic shrike
 80371 | Dis:7    | Noticed the Serpent of Hell
 80372 | Dis:7    | Noticed a caustic shrike
 80378 | Dis:7    | Killed a caustic shrike
 80378 | Dis:7    | Noticed a caustic shrike
 80379 | Dis:7    | Reached skill level 21 in Dodging
 80386 | Dis:7    | Killed a caustic shrike
 80416 | Dis:7    | Killed the Serpent of Hell
 80549 | Dis:7    | Reached skill level 22 in Dodging
 80565 | Dis:7    | Noticed a juggernaut
 80587 | Dis:7    | Killed a juggernaut
 80674 | Dis:7    | Identified the amulet "Kogazo" {RegenMP rF+++}
 80674 | Dis:7    | Noticed Dispater
 80688 | Dis:7    | Killed Dispater
 80697 | Dis:7    | Got an iron rune of Zot
 81157 | Zot:5    | Got the Orb of Zot
 81209 | Zot:5    | quicksilver dragon scales {rare}; a +2 demon trident of
                  | draining {polearm}
 81316 | Zot:2    | Noticed Hupsepsi the pandemonium lord
 81325 | Zot:2    | Killed Hupsepsi the pandemonium lord
 81375 | Zot:1    | Noticed Jodeg the pandemonium lord
 81390 | Zot:1    | Killed Jodeg the pandemonium lord
 81853 | D:$      | Escaped with the Orb!

Vanquished Creatures
  Cerebov (Pan)
  the Royal Jelly (Slime:5)
  Asmodeus (Geh:7)
  Ereshkigal (Tar:7)
  Gloorx Vloq (Pan)
  the Serpent of Hell (Dis:7)
  Dispater (Dis:7)
  Khufu (Tomb:3)
  9 ancient liches
  5 dread liches
  Mara (Depths:2)
  2 orbs of fire (Zot:5)
  3 juggernauts
  Sojobo (Vaults:3)
  31 royal mummies
  16 shard shrikes
  Bai Suzhen (Depths:1)
  5 Killer Klowns
  Vv (Depths:4)
  Saint Roka (Vaults:1)
  21 caustic shrikes
  12 pandemonium lords
  Geryon (Hell)
  2 curse toes
  18 profane servitors
  15 golden dragons
  15 bone dragons
  Norris (Depths:1)
  17 Tzitzimimeh
  22 Brimstone Fiends
  7 electric golems
  17 hellephants
  9 doom hounds
  5 iron giants
  21 tentacled monstrosities
  Jorgrun (D:12)
  A walking crystal tome (Depths:3)
  30 Ice Fiends
  24 Orb Guardians
  Zenata (Vaults:4)
  Rupert (D:15)
  23 searing wretches
  30 Hell Sentinels
  A shard shrike skeleton (Crypt:1)
  13 tainted leviathans
  9 liches
  3 walking earthen tomes (Zot:2)
  2 walking divine tomes
  11 quicksilver dragons
  17 titans
  6 deep elf master archers
  6 deep elf blademasters
  3 walking frostbound tomes
  11 sphinxes
  6 tentacled starspawn
  17 acid blobs
  4 death cobs
  Murray (Hell)
  Frances (Swamp:2)
  29 Executioners
  2 eldritch tentacles
  29 ancient champions
  17 storm dragons
  Roxanne (Elf:1)
  11 shadow dragons
  2 thorn hunters
  A daeva (Depths:1)
  8 tengu reavers
  6 revenants
  6 draconian monks
  2 nagarajas
  Aizul (Snake:4)
  An azure jelly (shapeshifter) (D:15)
  Donald (Snake:1)
  4 fenstrider witches
  32 fire giants
  14 narguns
  2 imperial myrmidons (Desolation)
  10 rockslimes
  8 demonspawn warmongers (Pan)
  17 frost giants
  16 azure jellies
  5 iron dragons
  49 balrugs
  3 angels
  12 draconian scorchers
  6 draconian knights
  20 vault wardens
  5 quicksilver elementals
  12 deep elf sorcerers
  A spectral tentacled monstrosity (Crypt:1)
  A spectral caustic shrike (Tar:2)
  Louise (Swamp:2)
  5 deep elf elementalists (Elf:3)
  7 ghost moths
  13 ghouls
  6 draconian shifters
  7 curse skulls
  13 demonspawn blood saints
  6 shard shrike simulacra
  16 very ugly things
  32 cacodemons
  5 draconian stormcallers
  20 ironbound preservers
  4 draconian annihilators
  12 quicksilver oozes
  7 orc warlords
  A formless jellyfish (Vaults:3)
  23 stone giants
  5 spriggan defenders (Depths:3)
  15 demonspawn corrupters (Pan)
  25 war gargoyles
  27 reapers
  A caustic shrike skeleton (Crypt:2)
  9 ironbound thunderhulks
  3 eleionomae
  21 elemental wellsprings
  6 green draconians
  6 deep elf annihilators
  9 vampire knights
  6 apis (Pan)
  4 minotaurs
  16 bennus
  15 lorocyprocas
  21 putrid mouths
  9 deep elf demonologists
  14 demonspawn black suns
  2 spectral titans (Tar:2)
  17 black draconians
  Azrael (Elf:1)
  11 white draconians
  24 wendigos
  12 purple draconians
  15 red draconians
  A halazid warlock (Desolation)
  3 dire elephants
  23 blizzard demons
  15 iron golems
  13 eidola
  10 ettins
  4 spark wasps
  5 merfolk javelineers
  15 yellow draconians
  21 green deaths
  6 bunyips
  An acid blob zombie (Crypt:1)
  11 jiangshi
  A crystal guardian (Vaults:4)
  A spectral quicksilver dragon (Tar:5)
  11 deep elf death magi
  9 ragged hierophants
  22 mummy priests
  Josephine (Lair:4)
  6 deep elf high priests
  9 fire dragons
  3 spectral spriggans
  8 merfolk impalers
  A spectral iron giant (Tar:3)
  2 shambling mangroves
  2 kraken zombies (Crypt:1)
  3 entropy weavers
  29 vault guards
  13 yaktaur captains
  A spectral kraken (Tar:7)
  2 great orbs of eyes
  A spectral fenstrider witch (Tar:1)
  12 rakshasas
  14 caustic shrike simulacra
  4 alligators
  6 spriggan air magi
  A fenstrider witch zombie (Crypt:3)
  11 salamander tyrants
  12 peacekeepers
  6 juggernaut simulacra
  4 servants of whispers (Desolation)
  A ghost crab (Abyss:3)
  2 ogre magi
  2 spriggan zombies
  9 ice dragons
  13 hydras
  2 spectral stone giants
  9 anacondas
  A quicksilver dragon skeleton (Crypt:2)
  12 ironbound frosthearts
  4 spriggan skeletons
  9 hell beasts
  23 centaur warriors
  17 death scarabs
  4 boulder beetles
  45 dancing weapons
  10 stokers
  4 death knights
  3 two-headed ogres
  12 naga warriors
  14 tengu warriors
  7 deep troll earth magi
  9 deep troll shamans
  2 occultists
  47 hell hogs
  A titan zombie (Tomb:2)
  8 shock serpents
  5 vampire magi
  9 thrashing horrors
  9 orc high priests
  33 deep elf knights
  20 demonic crawlers
  7 spriggan berserkers
  27 hell knights
  A storm dragon zombie (Crypt:3)
  Urug (Lair:2)
  15 naga sharpshooters
  34 soul eaters
  85 sun demons
  A spectral storm dragon (Tar:2)
  6 shadow wraiths
  28 sixfirhies
  A skyshark (Depths:1)
  A fire crab (Abyss:3)
  2 goliath frogs
  A spark wasp zombie (Crypt:2)
  A cherub (Pan)
  23 skeletal warriors
  9 wretched stars
  5 iron trolls
  49 deep trolls
  A salamander mystic (Snake:4)
  A spatial maelstrom (Abyss:2)
  13 crystal echidnas
  2 spectral anacondas
  3 death drakes
  A pharaoh ant (Zig:1)
  An iron giant zombie (Crypt:3)
  An anaconda zombie (Hell)
  24 shadow demons
  2 flayed ghosts
  A sea snake (shapeshifter) (Vaults:3)
  10 spriggan druids
  10 glowing orange brains
  15 phantasmal warriors
  A kraken simulacrum (Coc:7)
  10 bog bodies
  24 ironbound convokers
  2 swamp dragons
  7 quicksilver dragon simulacra
  26 deep elf archers
  12 arcanists
  3 bunyip skeletons
  3 orange crystal statues
  14 lindwurms
  9 naga ritualists
  A spectral iron dragon (Tar:4)
  Pikel (D:7)
  A spriggan simulacrum (Coc:5)
  A lindwurm (shapeshifter) (D:11)
  15 orc knights
  An anaconda skeleton (Crypt:3)
  A shadow dragon skeleton (Crypt:2)
  14 mana vipers
  2 wolf spider zombies (Crypt:1)
  34 deep elf pyromancers
  28 deep elf zephyrmancers
  26 ugly things
  4 harpies (Vaults:2)
  2 stone giant zombies (Crypt:3)
  10 orc sorcerers
  16 necromancers
  6 wolf spiders
  A spectral ettin (Tar:4)
  2 worldbinders (Abyss:3)
  8 cyclopes
  5 shining eyes
  3 will-o-the-wisps
  19 moths of wrath
  A spectral alligator snapping turtle (Tar:2)
  A toenail golem (Pan)
  2 manticores
  23 salamanders
  A faun (shapeshifter) (Depths:3)
  5 centaur zombies
  3 apocalypse crabs
  11 elephants (Lair:3)
  6 guardian serpents
  4 rust devils (Pan)
  2 stone giant skeletons
  33 black mambas
  4 ice statues
  6 titan simulacra
  A torpor snail (Lair:1)
  10 naga magi
  20 cane toads
  25 vault sentinels
  4 eyes of devastation
  7 molten gargoyles
  53 smoke demons
  5 centaur skeletons
  2 gargoyles
  5 dire elephant skeletons
  3 dire elephant zombies
  36 orange demons
  An alligator snapping turtle zombie (Crypt:3)
  A storm dragon simulacrum (Coc:1)
  51 large abominations
  A black draconian zombie (Crypt:2)
  A redback zombie (Crypt:1)
  4 naga skeletons
  An emperor scorpion simulacrum (Coc:1)
  44 hellions
  A cane toad (shapeshifter) (D:13)
  36 yaktaurs
  4 rime drakes
  17 freezing wraiths
  A komodo dragon (shapeshifter) (Vaults:5)
  10 komodo dragons
  9 spectral swamp worms (Tar:7)
  2 spectral nagas
  9 efreet
  5 kobold demonologists
  3 ice devils
  55 guardian mummies
  3 tengu conjurers
  3 iron giant simulacra
  21 tormentors
  6 trolls
  2 spectral demonic crawlers (Crypt:1)
  3 anaconda simulacra
  A golden dragon simulacrum (Coc:5)
  An ancient zyme (Abyss:3)
  A minotaur skeleton (Crypt:3)
  5 spectral harpies
  A pale draconian skeleton (Crypt:2)
  51 hellwings
  8 red devils
  20 merfolk
  4 harpy zombies
  2 polar bears
  2 silent spectres (Tar:4)
  A sea snake skeleton (Hell)
  A queen bee (shapeshifter) (Vaults:5)
  An iron troll skeleton (Crypt:1)
  A harpy skeleton (Crypt:3)
  46 saltlings
  A jumping spider zombie (Crypt:2)
  11 tyrant leeches
  22 hornets
  2 alligator simulacra (IceCv)
  A polar bear (shapeshifter) (D:14)
  3 raiju
  3 dream sheep (Lair:1)
  A culicivora zombie (Crypt:1)
  3 glass eyes
  8 blink frogs
  6 stone giant simulacra
  A culicivora (Zig:1)
  A jumping spider (shapeshifter) (D:14)
  2 iron dragon simulacra
  86 slime creatures
  2 black mamba zombies
  37 flying skulls
  3 jumping spiders (Crypt:3)
  3 dire elephant simulacra
  A satyr skeleton (Crypt:2)
  16 spriggans
  An ettin zombie (Crypt:3)
  13 wyverns
  12 water elementals
  2 shadows
  11 small abominations
  59 ynoxinuls
  14 ushabtiu
  A vampire (D:14)
  An alligator snapping turtle simulacrum (Coc:1)
  20 starcursed masses
  14 wraiths
  2 air elementals
  A fire elemental (Elf:1)
  An unseen horror simulacrum (D:10)
  5 basilisks
  A golden eye (shapeshifter) (Vaults:5)
  42 yaks
  Grum (D:10)
  A steam dragon (Lair:3)
  8 golden eyes
  A redback (shapeshifter) (Vaults:5)
  26 chaos spawn
  36 neqoxecs
  12 swamp worms
  23 vampire mosquitoes
  2 sea snake simulacra (Hell)
  2 spatial vortices (Abyss:2)
  12 redbacks
  16 harpy simulacra
  35 nagas
  4 wargs
  3 hydra simulacra
  A swamp worm (shapeshifter) (Vaults:5)
  3 acid dragons
  20 hell hounds
  22 water moccasins
  5 swamp drakes
  A faun skeleton (Crypt:2)
  A two-headed ogre skeleton (Tomb:1)
  4 sky beasts
  5 ettin simulacra
  46 orc warriors
  A black bear (D:8)
  4 ice beasts (D:8)
  4 boggarts
  8 ogres
  27 wolves
  11 centaurs
  2 elephant skeletons (Crypt:2)
  3 phantoms
  3 kobold brigands
  2 lemures (D:7)
  A komodo dragon zombie (Crypt:1)
  22 bullfrogs
  4 naga simulacra
  2 scorpions
  2 gnoll sergeants
  2 earth elementals
  7 necrophages
  A draconian skeleton (Crypt:2)
  4 wyvern skeletons (Crypt:3)
  6 killer bees (D:8)
  A shapeshifter zombie (Crypt:1)
  5 howler monkeys
  2 electric eels (Bailey)
  3 crimson imps (Pan)
  A quasit (Abyss:2)
  2 gnoll boudas
  A lava snake (D:13)
  A wolf skeleton (Crypt:1)
  6 hounds
  43 orc priests
  3 iguanas
  3 sleepcaps
  6 hell rats (Lair:3)
  18 orc wizards
  An ice beast zombie (Crypt:1)
  51 mummies
  Robin (D:3)
  22 gnolls
  11 adders
  A shadow imp (D:8)
  4 white imps
  5 ufetubi
  A worm (D:4)
  A dart slug (D:1)
  88 orcs
  7 ball pythons
  6 endoplasms
  A giant cockroach (D:1)
  18 goblins
  24 hobgoblins
  4 jackals (D:3)
  15 kobolds
  7 quokkas
  3 bats
  2 frilled lizards
  A quokka zombie (Crypt:1)
  4 rats
  4 creeping infernos
  23 fire vortices
  A spectral weapon (Swamp:4)
  11 starspawn tentacles
  9 tentacles
4611 creatures vanquished.

Vanquished Creatures (collateral kills)
  A pandemonium lord (Pan)
  Antaeus (Coc:7)
  Mnoleg (Pan)
  Lom Lobon (Pan)
  Tiamat (Zot:5)
  2 caustic shrikes (Depths:4)
  2 Tzitzimimeh (Tar:7)
  An Ice Fiend (Pan)
  2 tainted leviathans (Tar:7)
  An Orb Guardian (Zot:5)
  A deep elf blademaster (Zig:5)
  An ancient champion (Tomb:3)
  An Executioner (Pan)
  A death cob (Zot:3)
  A nargun (Coc:7)
  2 daevas
  A balrug (Pan)
  A ghost moth (Pan)
  A draconian shifter (Zot:3)
  An ophan (Zig:3)
  2 cacodemons (Pan)
  A putrid mouth (Tar:7)
  4 bennus (Tomb:3)
  2 green draconians
  A deep elf annihilator (Pan)
  A red draconian (Zot:3)
  3 green deaths (Pan)
  A spriggan air mage (Pan)
  A rakshasa (Pan)
  A dancing weapon (Zig:5)
  3 occultists (Pan)
  4 sun demons (Pan)
  2 shadow wraiths (Pan)
  3 sixfirhies (Pan)
  A skyshark (Depths:1)
  A skeletal warrior (Tomb:3)
  A sun moth (Zig:3)
  3 slime creatures
  A glowing orange brain (Pan)
  A large abomination (Pan)
  A deep elf zephyrmancer (Zig:5)
  A deep elf archer (Zig:5)
  An arcanist (Pan)
  A deep elf pyromancer (Zig:5)
  A shining eye (Slime:1)
  An ice statue (Zig:7)
  5 smoke demons (Pan)
  A hellion (Pan)
  4 guardian mummies (Tomb:3)
  A ynoxinul (Pan)
  A fire dragon skeleton (Pan)
  2 neqoxecs (Pan)
  2 mummies (Tomb:3)
  8 ball lightnings (Pan)
  A starspawn tentacle (Pan)
92 creatures vanquished.

Vanquished Creatures (others)
  A hellephant (Geh:7)
  A lich (Pan)
  A Hell Sentinel (Pan)
  An Orb Guardian (Zot:5)
  2 titans
  A kraken (Abyss:3)
  An eldritch tentacle (Tomb:3)
  A fire giant (Vaults:5)
  A nargun (Coc:4)
  A shard shrike simulacrum (Coc:7)
  A demonspawn blood saint (Pan)
  A stone giant (Vaults:2)
  4 elemental wellsprings
  A blizzard demon (Pan)
  A stoker (Geh:4)
  An ogre mage (Vaults:5)
  A juggernaut simulacrum (Coc:7)
  A hell hog (Geh:1)
  2 deep elf knights
  A sun demon (Pan)
  A kraken simulacrum (Coc:7)
  A deep elf zephyrmancer (Vaults:2)
  2 deep elf pyromancers
  A large abomination (Abyss:3)
  2 titan simulacra
  A black mamba (Snake:4)
  An orange demon (Abyss:3)
  An anaconda simulacrum (Coc:5)
  2 iron giant simulacra (Coc:7)
  2 raiju (Abyss:3)
  4 bloated husks
  An iron dragon simulacrum (Coc:4)
  A water elemental (Hell)
  3 dire elephant simulacra
  3 ynoxinuls (Pan)
  A hog (shapeshifter) (Depths:2)
  A neqoxec (Pan)
  3 harpy simulacra
  A hydra simulacrum (Coc:5)
  An orc warrior (Vaults:5)
  2 ettin simulacra
  4 ball lightnings (Pan)
  5 creeping infernos
  2 fire vortices
  10 foxfires
  15 starspawn tentacles
  24 tentacles
120 creatures vanquished.

Grand Total: 4823 creatures vanquished

Table legend:
 A = Non-vault XP
 B = Vault XP
 C = Vault XP percentage of total XP
 D = Non-vault monster count
 E = Vault monster count
 F = Vault count percentage of total count
                 A         B        C        D         E       F
            +---------+---------+-------+---------+---------+-------
      Total | 1744899 | 1732786 |  49.8 |    2662 |    1805 |  40.4
            +---------+---------+-------+---------+---------+-------
        D:1 |      32 |       0 |   0.0 |      17 |       0 |   0.0
        D:2 |      87 |       0 |   0.0 |      14 |       0 |   0.0
        D:3 |     110 |      38 |  25.7 |      23 |      12 |  34.3
        D:4 |     364 |      42 |  10.3 |      18 |       2 |  10.0
        D:5 |     976 |       0 |   0.0 |      18 |       0 |   0.0
        D:6 |     763 |       0 |   0.0 |      21 |       0 |   0.0
        D:7 |     887 |     680 |  43.4 |      18 |       5 |  21.7
        D:8 |    2187 |    1317 |  37.6 |      34 |      11 |  24.4
        D:9 |    1950 |       0 |   0.0 |      22 |       0 |   0.0
       D:10 |    3699 |    9005 |  70.9 |      21 |      17 |  44.7
       D:11 |    2237 |     621 |  21.7 |       6 |       1 |  14.3
       D:12 |    7085 |    1840 |  20.6 |      29 |       1 |   3.3
       D:13 |    7116 |    4738 |  40.0 |      14 |       5 |  26.3
       D:14 |    9780 |       0 |   0.0 |      28 |       0 |   0.0
       D:15 |   16985 |    7161 |  29.7 |      33 |       9 |  21.4
     Lair:1 |    6692 |       0 |   0.0 |      35 |       0 |   0.0
     Lair:2 |    9305 |    1316 |  12.4 |      33 |       5 |  13.2
     Lair:3 |    9417 |     894 |   8.7 |      33 |       4 |  10.8
     Lair:4 |    7780 |    1954 |  20.1 |      28 |       6 |  17.6
     Lair:5 |    6164 |   10840 |  63.7 |      19 |      39 |  67.2
    Swamp:1 |   11402 |       0 |   0.0 |      24 |       0 |   0.0
    Swamp:2 |   10181 |    2690 |  20.9 |      20 |       2 |   9.1
    Swamp:3 |    9791 |     409 |   4.0 |      20 |       3 |  13.0
    Swamp:4 |   11169 |   26584 |  70.4 |      20 |      38 |  65.5
    Snake:1 |    9498 |    1305 |  12.1 |      19 |       1 |   5.0
    Snake:2 |   15031 |       0 |   0.0 |      29 |       0 |   0.0
    Snake:3 |   23629 |       0 |   0.0 |      41 |       0 |   0.0
    Snake:4 |   19880 |   22953 |  53.6 |      42 |      33 |  44.0
    Slime:1 |    4530 |       0 |   0.0 |      14 |       0 |   0.0
    Slime:2 |    3546 |       0 |   0.0 |      14 |       0 |   0.0
    Slime:3 |    4635 |       0 |   0.0 |       9 |       0 |   0.0
    Slime:4 |    5020 |       0 |   0.0 |       9 |       0 |   0.0
    Slime:5 |   12685 |   28445 |  69.2 |      20 |      21 |  51.2
      Orc:1 |    2687 |       0 |   0.0 |      44 |       0 |   0.0
      Orc:2 |    9091 |    6011 |  39.8 |      47 |      54 |  53.5
      Elf:1 |   12609 |   11428 |  47.5 |      22 |      24 |  52.2
      Elf:2 |   17840 |   26804 |  60.0 |      27 |      35 |  56.5
      Elf:3 |   16137 |   38409 |  70.4 |      24 |      35 |  59.3
   Vaults:1 |   11234 |   32135 |  74.1 |      21 |      56 |  72.7
   Vaults:2 |   30924 |   23312 |  43.0 |      45 |      32 |  41.6
   Vaults:3 |   23571 |   30517 |  56.4 |      35 |      34 |  49.3
   Vaults:4 |   21223 |   30137 |  58.7 |      29 |      39 |  57.4
   Vaults:5 |   12368 |  111626 |  90.0 |      22 |      95 |  81.2
    Crypt:1 |   23818 |    9216 |  27.9 |      40 |      17 |  29.8
    Crypt:2 |   38346 |       0 |   0.0 |      50 |       0 |   0.0
    Crypt:3 |       0 |   68190 | 100.0 |       0 |     111 | 100.0
     Tomb:1 |    6630 |  104682 |  94.0 |      21 |      68 |  76.4
     Tomb:2 |   10522 |   24435 |  69.9 |      34 |      40 |  54.1
     Tomb:3 |   15858 |   65088 |  80.4 |      35 |      59 |  62.8
   Depths:1 |   16281 |   27713 |  63.0 |      19 |      27 |  58.7
   Depths:2 |   17024 |   22348 |  56.8 |      21 |      15 |  41.7
   Depths:3 |   39034 |   42011 |  51.8 |      50 |      34 |  40.5
   Depths:4 |   40764 |   29112 |  41.7 |      48 |      22 |  31.4
       Hell |   23376 |   29384 |  55.7 |      37 |      40 |  51.9
      Dis:1 |       0 |    7673 | 100.0 |       0 |       7 | 100.0
      Dis:2 |   31668 |       0 |   0.0 |      15 |       0 |   0.0
      Dis:3 |   11113 |       0 |   0.0 |      10 |       0 |   0.0
      Dis:4 |   10624 |    7677 |  41.9 |       9 |       5 |  35.7
      Dis:5 |   28289 |   14787 |  34.3 |      20 |       9 |  31.0
      Dis:6 |    1133 |       0 |   0.0 |       1 |       0 |   0.0
      Dis:7 |       0 |  107980 | 100.0 |       0 |      76 | 100.0
      Geh:1 |   24123 |       0 |   0.0 |      26 |       0 |   0.0
      Geh:2 |    4399 |   22532 |  83.7 |       4 |      11 |  73.3
      Geh:3 |   16936 |       0 |   0.0 |      14 |       0 |   0.0
      Geh:4 |   21484 |       0 |   0.0 |      18 |       0 |   0.0
      Geh:5 |   17150 |       0 |   0.0 |      17 |       0 |   0.0
      Geh:6 |    9540 |       0 |   0.0 |       7 |       0 |   0.0
      Geh:7 |   18846 |   68695 |  78.5 |      13 |      40 |  75.5
      Coc:1 |   14821 |       0 |   0.0 |      19 |       0 |   0.0
      Coc:2 |     219 |       0 |   0.0 |       1 |       0 |   0.0
      Coc:3 |   17767 |       0 |   0.0 |      10 |       0 |   0.0
      Coc:4 |   19302 |       0 |   0.0 |      27 |       0 |   0.0
      Coc:5 |   22179 |       0 |   0.0 |      19 |       0 |   0.0
      Coc:6 |   23399 |    5273 |  18.4 |      32 |       3 |   8.6
      Coc:7 |   27510 |   95271 |  77.6 |      24 |      72 |  75.0
      Tar:1 |    9921 |       0 |   0.0 |      10 |       0 |   0.0
      Tar:2 |   29897 |       0 |   0.0 |      24 |       0 |   0.0
      Tar:3 |    5724 |       0 |   0.0 |       7 |       0 |   0.0
      Tar:4 |   23544 |     541 |   2.2 |      18 |       1 |   5.3
      Tar:5 |   21786 |       0 |   0.0 |      12 |       0 |   0.0
      Tar:6 |   14157 |       0 |   0.0 |      11 |       0 |   0.0
      Tar:7 |   24055 |   82997 |  77.5 |      14 |      51 |  78.5
      Zot:1 |   21746 |       0 |   0.0 |      17 |       0 |   0.0
      Zot:2 |   49868 |   14170 |  22.1 |      42 |      11 |  20.8
      Zot:3 |   48273 |    7060 |  12.8 |      41 |       6 |  12.8
      Zot:4 |   42192 |   16638 |  28.3 |      33 |      13 |  28.3
      Zot:5 |   28505 |  106881 |  78.9 |      19 |      54 |  74.0
    Abyss:1 |    9900 |       0 |   0.0 |      23 |       0 |   0.0
    Abyss:2 |   31104 |    7957 |  20.4 |      57 |      13 |  18.6
    Abyss:3 |   31427 |    7984 |  20.3 |      61 |       7 |  10.3
        Pan |  379749 |  244923 |  39.2 |     527 |     230 |  30.4
      Zig:1 |     990 |       0 |   0.0 |       2 |       0 |   0.0
      Zig:2 |    2297 |       0 |   0.0 |       3 |       0 |   0.0
      Zig:3 |    3184 |       0 |   0.0 |       3 |       0 |   0.0
      Zig:4 |    2175 |       0 |   0.0 |       5 |       0 |   0.0
      Zig:5 |    5003 |       0 |   0.0 |       7 |       0 |   0.0
      Zig:6 |    8433 |       0 |   0.0 |       7 |       0 |   0.0
      Zig:7 |    6517 |     922 |  12.4 |      17 |       2 |  10.5
     Bailey |       0 |    3965 | 100.0 |       0 |      36 | 100.0
      IceCv |       0 |   10841 | 100.0 |       0 |      24 | 100.0
     WizLab |       0 |    1000 | 100.0 |       0 |       1 | 100.0
 Desolation |       0 |   41629 | 100.0 |       0 |      81 | 100.0
            +---------+---------+-------+---------+---------+-------

Skill      XL: |  1  2  3  4  5  6  7  8  9 10 11 12 13 14 15 16 17 18 19 20 21 22 23 24 25 26 27 |
---------------+----------------------------------------------------------------------------------+-----
Axes           | 3 4 5 6 8 10 11 13 14 15 17 18 27 | 27.0
Stealth        | 3 4 |  4.2
Fighting       | 5 8 10 12 14 16 18 20 27 | 27.0
Evocations     | 4 6 |  6.0
Invocations    | 8 12 16 27 | 27.0
Shields        | 4 7 10 13 15 17 18 27 | 27.0
Armour         | 5 9 12 13 15 16 27 | 27.0
Dodging        | 6 8 22 | 22.9
Shapeshifting  | 3 12 16 17 18 23 | 23.0

Action                     |  1- 3 |  4- 6 |  7- 9 | 10-12 | 13-15 | 16-18 | 19-21 | 22-24 | 25-27 || total
---------------------------+-------+-------+-------+-------+-------+-------+-------+-------+-------++-------
  Melee: War axe           |    71 |   124 |   278 |   372 |    39 |    10 |    38 |       |       ||   932
         Bite              |       |       |       |    70 |   165 |   260 |   418 |   207 |       ||  1120
         Broad axe         |       |       |       |   226 |   842 |  1216 |  1776 |  1142 |  6489 || 11691
         Constrict         |       |       |       |       |   167 |   221 |   337 |   180 |  1263 ||  2168
 Invoke: Heroism           |       |       |       |     6 |    13 |    23 |     5 |       |       ||    47
         Receive Weapon    |       |       |       |     1 |       |       |       |       |       ||     1
         Receive Armour    |       |       |       |     1 |       |       |       |       |       ||     1
         Finesse           |       |       |       |     1 |     7 |    13 |     5 |       |       ||    26
         Greater Servant o |       |       |       |       |       |       |       |     7 |    58 ||    65
         Lesser Servant of |       |       |       |       |       |       |       |       |     1 ||     1
Ability: Spit Poison       |    25 |    39 |    43 |    35 |       |     1 |       |       |       ||   143
         Breathe Poison Ga |       |       |       |       |       |       |       |       |     1 ||     1
  Evoke: Wand              |       |       |     4 |     5 |       |     1 |     2 |       |    19 ||    31
         Phantom mirror    |       |       |       |       |       |       |       |       |     1 ||     1
         Condenser vane    |       |       |       |       |       |       |       |       |     1 ||     1
    Use: Scroll            |       |     7 |     1 |    12 |    15 |     6 |    12 |    12 |    53 ||   118
         Potion            |       |     1 |     1 |     3 |     7 |     2 |     3 |     7 |    20 ||    44
   Stab: Sleeping          |       |       |     2 |       |     3 |       |       |       |       ||     5
         Paralysed         |       |       |     1 |       |       |       |       |       |       ||     1
         Distracted        |       |       |       |     1 |       |     2 |       |       |    25 ||    28
         Invisible         |       |       |       |       |       |     7 |       |       |    27 ||    34
 Armour: Scale mail        |    68 |   107 |   266 |   710 |   597 |       |       |       |       ||  1748
         Ring mail         |       |    33 |       |       |       |       |       |       |       ||    33
         Gold dragon scale |       |       |       |       |   177 |  1063 |  1343 |  1324 |  3234 ||  7141
  Dodge: Dodged            |    34 |    47 |    83 |   175 |   140 |   147 |   440 |   170 |  1273 ||  2509
  Block: Buckler           |    22 |    28 |    51 |   148 |    80 |       |       |       |       ||   329
         Kite shield       |       |       |       |       |   371 |  1048 |  1566 |   474 |       ||  3459
         Reflection        |       |       |       |       |     1 |   137 |   157 |    47 |   244 ||   586
         Tower shield      |       |       |       |       |       |       |       |  1203 | 10060 || 11263
   Form: Death             |       |       |       |       |       |       |       |     1 |     3 ||     4
                           |       |       |       |       |       |       |       |     1 |     2 ||     3

Illustrated notes

Table legend:
 A = Kills in this place as a percentage of kills in the entire game.
 B = Kills by you in this place as a percentage of kills by you in the entire game.
 C = Kills by friends in this place as a percentage of kills by friends in the entire game.
 D = Other kills in this place as a percentage of other kills in the entire game.
 E = Experience gained in this place as a percentage of experience gained in the entire game.
 F = Experience gained in this place divided by the number of levels of this place that you have seen.
                   A       B       C       D       E      F
               +-------+-------+-------+-------+-------+----------------------
         Total | 100.0 | 100.0 | 100.0 | 100.0 | 100.0 | 26861.7
       Dungeon |   8.8 |   9.0 |   0.0 |   0.0 |   2.7 | 6437.1
          Lair |   4.5 |   4.6 |   0.0 |   0.0 |   1.5 | 10872.4
         Swamp |   2.8 |   2.9 |   0.0 |   0.0 |   2.1 | 18056.5
     Snake Pit |   3.7 |   3.7 |   0.0 |   3.7 |   2.6 | 23074.0
    Slime Pits |   1.9 |   1.9 |   2.4 |   0.0 |   1.7 | 11772.2
  Orcish Mines |   3.2 |   3.3 |   0.0 |   0.0 |   0.5 | 8894.5
   Elven Halls |   3.7 |   3.8 |   0.0 |   7.4 |   3.5 | 41075.7
        Vaults |   9.0 |   9.2 |   0.0 |   7.4 |   9.3 | 65409.4
         Crypt |   4.8 |   5.0 |   0.0 |   0.0 |   4.0 | 46523.3
          Tomb |   5.7 |   5.6 |  14.5 |   0.0 |   6.5 | 75738.3
        Depths |   5.3 |   5.4 |   4.8 |   0.0 |   6.7 | 59370.2
          Hell |   1.7 |   1.7 |   0.0 |   3.7 |   1.5 | 52760.0
           Dis |   3.4 |   3.5 |   0.0 |   0.0 |   6.3 | 31563.4
       Gehenna |   3.3 |   3.3 |   0.0 |  11.1 |   5.8 | 29100.7
       Cocytus |   4.6 |   4.5 |   2.4 |  33.3 |   6.4 | 32248.7
      Tartarus |   3.3 |   3.3 |   6.0 |   0.0 |   6.0 | 30374.6
           Zot |   5.7 |   5.6 |   8.4 |   3.7 |  10.1 | 71297.4
         Abyss |   3.6 |   3.6 |   0.0 |   7.4 |   2.5 | 17674.4
   Pandemonium |  16.8 |  16.2 |  48.2 |  22.2 |  17.8 | 24986.9
      Ziggurat |   1.0 |   0.8 |  13.3 |   0.0 |   0.8 | 4217.3
        Bailey |   0.8 |   0.8 |   0.0 |   0.0 |   0.1 | 3965.0
      Ice Cave |   0.5 |   0.5 |   0.0 |   0.0 |   0.3 | 10841.0
        Wizlab |   0.0 |   0.0 |   0.0 |   0.0 |   0.0 | 1000.0
    Desolation |   1.8 |   1.8 |   0.0 |   0.0 |   1.2 | 41629.0
               +-------+-------+-------+-------+-------+----------------------

Table legend: (Time is in decaauts)
 A = Elapsed time spent in this place.
 B = Non-inter-level travel time spent in this place.
 C = Inter-level travel time spent in this place.
 D = Time resting spent in this place.
 E = Time spent auto-exploring this place.
 F = Levels seen in this place.
 G = Mean time per level.
                   A        B        C        D        E       F      G
               +--------+--------+--------+--------+--------+-----+--------+
         Total | 103160 |  90623 |  12537 |   6688 |  56937 | 131 |  787.5 |
       Dungeon |  21538 |  17435 |   4103 |    874 |  13430 |  15 | 1435.9 |
        Temple |     15 |     15 |      0 |      0 |      0 |   1 |   15.0 |
          Lair |   8479 |   6890 |   1589 |    485 |   5077 |   5 | 1695.8 |
         Swamp |   4182 |   3763 |    419 |    223 |   2582 |   4 | 1045.5 |
     Snake Pit |   4944 |   4539 |    405 |     17 |   3578 |   4 | 1236.0 |
    Slime Pits |   1407 |   1356 |     51 |    401 |    311 |   5 |  281.4 |
  Orcish Mines |   1813 |   1622 |    191 |    112 |   1218 |   2 |  906.5 |
   Elven Halls |   4574 |   4167 |    407 |    350 |   2790 |   3 | 1524.7 |
        Vaults |   7926 |   6972 |    954 |     56 |   5129 |   5 | 1585.2 |
         Crypt |   4602 |   3845 |    757 |      0 |   2884 |   3 | 1534.0 |
          Tomb |   3750 |   3354 |    396 |    654 |   1508 |   3 | 1250.0 |
        Depths |   8127 |   6487 |   1640 |    794 |   4401 |   4 | 2031.8 |
          Hell |    464 |    432 |     32 |      0 |      0 |   1 |  464.0 |
           Dis |   1261 |   1126 |    135 |     88 |    240 |   7 |  180.1 |
       Gehenna |   2673 |   2412 |    261 |    572 |    520 |   7 |  381.9 |
       Cocytus |   1681 |   1568 |    113 |    141 |    549 |   7 |  240.1 |
      Tartarus |   1754 |   1574 |    180 |      0 |    868 |   7 |  250.6 |
           Zot |   6836 |   5940 |    896 |    256 |   4023 |   5 | 1367.2 |
         Abyss |   1568 |   1568 |      0 |      0 |    247 |   5 |  313.6 |
   Pandemonium |  12295 |  12295 |      0 |   1172 |   6676 |  25 |  491.8 |
      Ziggurat |    436 |    436 |      0 |    166 |      0 |   7 |   62.3 |
        Bazaar |    283 |    283 |      0 |     78 |     84 |   1 |  283.0 |
         Trove |    111 |    111 |      0 |      0 |      0 |   1 |  111.0 |
        Bailey |    872 |    872 |      0 |    239 |     52 |   1 |  872.0 |
      Ice Cave |    149 |    149 |      0 |      0 |      0 |   1 |  149.0 |
        Wizlab |    526 |    526 |      0 |      0 |    246 |   1 |  526.0 |
    Desolation |    885 |    885 |      0 |      5 |    515 |   1 |  885.0 |
               +--------+--------+--------+--------+--------+-----+--------+

Top non-repeatable levels by time:
Depths:1: 2964 daAuts
    D:15: 2229 daAuts
Vaults:2: 2178 daAuts
  Lair:1: 2119 daAuts
 Crypt:3: 2091 daAuts
  Lair:3: 1976 daAuts
    D:10: 1948 daAuts
     D:2: 1890 daAuts
Depths:3: 1861 daAuts
   Zot:5: 1854 daAuts
   Geh:7: 1806 daAuts
  Tomb:1: 1767 daAuts
  Lair:2: 1721 daAuts
   Elf:3: 1714 daAuts
Depths:2: 1651 daAuts
